Workbook

Sheet Summary
B9: Company Name | D9: Talen Energy Corp | F9: Valuation
B10: Ticker | D10: NASDAQ: TLN | F10: DCF PT | G10: =DCF!M26 -> 427.31472
B11: Stock Price | D11: $347.74 | F11: MoS, % | G11: =DCF!M28 -> 0.22883395
B12: Date | D12: 46136 | F12: 26 Multiples PT | G12: ='Public Comps'!D34 -> 413.62495
B13: Capitalization Table | F13: % IRR | G13: ='Public Comps'!D36 -> 0.1344922
B14: Market Cap | D14: =DCF!Q9 -> 16736.035 | F14: Blended PT | G14: =(G10+G12)/2 -> 420.46983
B15: (+) Net Debt | D15: =DCF!M22-DCF!M21 -> 2165.1478 | F15: MoS, % | G15: =G14/D11-1 -> 0.20915004
B16: Enterprise Value | D16: =SUM(D14:D15) -> 18901.182
B17: FDSO | D17: ='Public Comps'!C32 -> 48.184455

Sheet Revenue Build
B2: Talen Energy Corp. (TLN)
B3: Revenue Build ($mm unless noted otherwise) | C3: 45170 | D3: 45261 | E3: 45261 | F3: 45352 | G3: 45444 | H3: 45536 | I3: 45627 | J3: 45627 | K3: 45717 | L3: 45809 | M3: 45901 | N3: 45992 | O3: 45992 | P3: 46082 | Q3: 46174 | R3: 46266 | S3: 46357 | T3: 46357 | U3: 46447 | V3: 46539 | W3: 46631 | X3: 46722 | Y3: 46722
C4: Q3-2023 | D4: Q4-2023 | E4: FY2023A | F4: Q1-2024 | G4: Q2-2024 | H4: Q3-2024 | I4: Q4-2024 | J4: FY2024A | K4: Q1-2025 | L4: Q2-2025 | M4: Q3-2025 | N4: Q4-2025 | O4: FY2025A | P4: Q1-2026 | Q4: Q2-2026 | R4: Q3-2026 | S4: Q4-2026 | T4: FY2026A | U4: Q1-2027 | V4: Q2-2027 | W4: Q3-2027 | X4: Q4-2027 | Y4: FY2027A
B7: SCENARIO (toggle between Bull, Bear, Base) --> | C7: Base
B9: ENERGY AND OTHER REVENUE
B11: Total Energy and Other Revenues, mm | C11: 600 | D11: 368 | E11: 2198 | F11: 572 | G11: 367 | H11: 505 | I11: 437 | J11: 1881 | K11: 582 | L11: 366 | M11: 604 | N11: 589 | O11: 2141 | P11: =P15+P35 -> 701.52399 | Q11: =Q15+Q35 -> 439.44075 | R11: =R15+R35 -> 683.99333 | S11: =S15+S35 -> 658.48543 | T11: =SUM(P11:S11) -> 2483.4435 | U11: =U15+U35 -> 821.34818 | V11: =V15+V35 -> 500.96461 | W11: =W15+W35 -> 838.33107 | X11: =X15+X35 -> 822.06811 | Y11: =SUM(U11:X11) -> 2982.712
B12: Y/Y Growth, % | H12: =H11/C11-1 -> -0.15833333 | I12: =I11/D11-1 -> 0.1875 | J12: =J11/E11-1 -> -0.14422202 | K12: =K11/F11-1 -> 0.017482517 | L12: =L11/G11-1 -> -0.0027247956 | M12: =M11/H11-1 -> 0.1960396 | N12: =N11/I11-1 -> 0.34782609 | O12: =O11/J11-1 -> 0.13822435 | ... Y12: =Y11/T11-1 -> 0.20103878
B13: % of Total Revenue | C13: =C11/C47 -> 1.1627907 | D13: =D11/D47 -> 0.69829222 | E13: =E11/E47 -> 0.86061081 | F13: =F11/F47 -> 1.1237721 | G13: =G11/G47 -> 0.75051125 | H13: =H11/H47 -> 0.77692308 | I13: =I11/I47 -> 0.93576017 | J13: =J11/J47 -> 0.8893617 | ... Y13: =Y11/Y47 -> 0.75901542
B15: Nuclear Energy Revenue | C15: =C19+C25+C30 -> 228.528 | D15: =D19+D25+D30 -> 203.136 | E15: =E19+E25+E30 -> 431.664 | F15: =F19+F25+F30 -> 253.92 | G15: =G19+G25+G30 -> 177.744 | H15: =H19+H25+H30 -> 228.528 | I15: =I19+I25+I30 -> 203.136 | J15: =J19+J25+J30 -> 863.328 | ... Y15: =Y19+Y25+Y30 -> 1252.9287
B16: Y/Y Growth, % | H16: =H15/C15-1 -> 0 | I16: =I15/D15-1 -> 0 | J16: =J15/E15-1 -> 1 | K16: =K15/F15-1 -> -0.1 | L16: =L15/G15-1 -> 0.3526559 | M16: =M15/H15-1 -> 0.22464155 | N16: =N15/I15-1 -> 0.40852174 | O16: =O15/J15-1 -> 0.19878056 | ... Y16: =Y15/T15-1 -> 0.061691733
B17: % of Total Revenue | C17: =C15/C47 -> 0.44288372 | D17: =D15/D47 -> 0.38545731 | E17: =E15/E47 -> 0.16901488 | F17: =F15/F47 -> 0.49886051 | G17: =G15/G47 -> 0.36348466 | H17: =H15/H47 -> 0.35158154 | I17: =I15/I47 -> 0.43498073 | J17: =J15/J47 -> 0.40819291 | ... Y17: =Y15/Y47 -> 0.31883475
B19: AWS PPA Revenue | L19: =L22*L23 -> 41.150054 | M19: =M22*M23 -> 123.45016 | N19: =N22*N23 -> 123.45016 | O19: =SUM(L19:N19) -> 288.05038 | P19: =P22*P23 -> 244.32845 | Q19: =Q22*Q23 -> 244.32845 | R19: =R22*R23 -> 244.32845 | S19: =S22*S23 -> 244.32845 | T19: =SUM(P19:S19) -> 977.31379 | U19: =U22*U23 -> 244.32845 | V19: =V22*V23 -> 244.32845 | W19: =W22*W23 -> 244.32845 | X19: =X22*X23 -> 244.32845 | Y19: =SUM(U19:X19) -> 977.31379
B20: MW Contracted (capacity ramp schedule) | L20: 320 | M20: 960 | N20: 960 | O20: =AVERAGE(L20:N20) -> 746.66667 | P20: 1900 | Q20: 1900 | R20: 1900 | S20: 1900 | T20: =AVERAGE(P20:S20) -> 1900 | U20: 1900 | V20: 1900 | W20: 1900 | X20: 1900 | Y20: =AVERAGE(U20:X20) -> 1900 | AA20: AWS PPA went live in June 2025. Q2'25 = ~1 month (320 MW). Full 960 MW Q3'25. Ramp to 1,900 MW in 2026. Annual numbers = avg MW across quarters.
B21: Capacity Factor, % | L21: 0.92 | M21: 0.92 | N21: 0.92 | O21: =AVERAGE(K21:N21) -> 0.92 | P21: 0.92 | Q21: 0.92 | R21: 0.92 | S21: 0.92 | T21: =AVERAGE(P21:S21) -> 0.92 | U21: 0.92 | V21: 0.92 | W21: 0.92 | X21: 0.92 | Y21: =AVERAGE(U21:X21) -> 0.92 | AA21: Susquehanna historical CF = 92%, already accounts for outages on average across the whole year
B22: MWh Generated (TWh) | L22: =L21*L20*2184/1000000 -> 0.6429696 | M22: =M21*M20*2184/1000000 -> 1.9289088 | N22: =N21*N20*2184/1000000 -> 1.9289088 | O22: =SUM(L22:N22) -> 4.5007872 | P22: =P21*P20*2184/1000000 -> 3.817632 | Q22: =Q21*Q20*2184/1000000 -> 3.817632 | R22: =R21*R20*2184/1000000 -> 3.817632 | S22: =S21*S20*2184/1000000 -> 3.817632 | T22: =SUM(P22:S22) -> 15.270528 | U22: =U21*U20*2184/1000000 -> 3.817632 | V22: =V21*V20*2184/1000000 -> 3.817632 | W22: =W21*W20*2184/1000000 -> 3.817632 | X22: =X21*X20*2184/1000000 -> 3.817632 | Y22: =SUM(U22:X22) -> 15.270528 | AA22: Caluclation is done using the equation in the image at the bottom, but I just divided the hours by 4 because I split into quarterly
B23: Implied Revenue per MWh | L23: 64 | M23: 64 | N23: 64 | O23: =AVERAGE(K23:N23) -> 64 | P23: 64 | Q23: 64 | R23: 64 | S23: 64 | T23: =AVERAGE(P23:S23) -> 64 | U23: 64 | V23: 64 | W23: 64 | X23: 64 | Y23: =AVERAGE(U23:X23) -> 64 | AA23: Implied $64/MWh because the deal is worth $18B, then divide by 17yr conract and account of change in units
B25: Merchant Nuclear Revenue | C25: =C26*C27*2208/1000000*C28 -> 228.528 | D25: =D26*D27*2208/1000000*D28 -> 203.136 | E25: =SUM(C25:D25) -> 431.664 | F25: =F26*F27*2208/1000000*F28 -> 253.92 | G25: =G26*G27*2208/1000000*G28 -> 177.744 | H25: =H26*H27*2208/1000000*H28 -> 228.528 | I25: =I26*I27*2208/1000000*I28 -> 203.136 | J25: =SUM(F25:I25) -> 863.328 | K25: =K26*K27*2208/1000000*K28 -> 228.528 | L25: =L26*L27*2208/1000000*L28 -> 199.27642 | M25: =M26*M27*2208/1000000*M28 -> 156.41472 | N25: =N26*N27*2208/1000000*N28 -> 162.67131 | O25: =SUM(K25:N25) -> 746.89044 | P25: =P26*P27*2208/1000000*P28 -> 40.6272 | Q25: =Q26*Q27*2208/1000000*Q28 -> 40.6272 | R25: =R26*R27*2208/1000000*R28 -> 40.6272 | S25: =S26*S27*2208/1000000*S28 -> 40.6272 | T25: =SUM(P25:S25) -> 162.5088 | U25: =U26*U27*2208/1000000*U28 -> 48.75264 | V25: =V26*V27*2208/1000000*V28 -> 48.75264 | W25: =W26*W27*2208/1000000*W28 -> 48.75264 | X25: =X26*X27*2208/1000000*X28 -> 48.75264 | Y25: =SUM(U25:X25) -> 195.01056 | AA25: Same rationale for the calculation as seen in line 22 (but times the price to get revenue)
B26: MW Available (Susquehanna Total - AWS Contract) | C26: =2500-C20 -> 2500 | D26: =2500-D20 -> 2500 | F26: =2500-F20 -> 2500 | G26: =2500-G20 -> 2500 | H26: =2500-H20 -> 2500 | I26: =2500-I20 -> 2500 | K26: =2500-K20 -> 2500 | L26: =2500-L20 -> 2180 | M26: =2500-M20 -> 1540 | N26: =2500-N20 -> 1540 | P26: =2300-P20 -> 400 | Q26: =2300-Q20 -> 400 | R26: =2300-R20 -> 400 | S26: =2300-S20 -> 400 | T26: =AVERAGE(P26:S26) -> 400 | U26: =2300-U20 -> 400 | V26: =2300-V20 -> 400 | W26: =2300-W20 -> 400 | X26: =2300-X20 -> 400 | Y26: =AVERAGE(U26:X26) -> 400 | AA26: Merchant MW = (2,500 × 92% CF) − AWS contracted MW. ~400 MW available at full AWS ramp (vs 600 MW without CF adjustment).
B27: Capacity Factor, % | C27: 0.92 | D27: 0.92 | F27: 0.92 | G27: 0.92 | H27: 0.92 | I27: 0.92 | K27: 0.92 | L27: 0.92 | M27: 0.92 | N27: 0.92 | P27: 0.92 | Q27: 0.92 | R27: 0.92 | S27: 0.92 | T27: =AVERAGE(P27:S27) -> 0.92 | U27: 0.92 | V27: 0.92 | W27: 0.92 | X27: 0.92 | Y27: =AVERAGE(U27:X27) -> 0.92 | AA27: Same rationale for the CF as seen in line 21
B28: Spot Price Assumption (toggles with assumption) | C28: 45 | D28: 40 | E28: =AVERAGE(C28:D28) -> 42.5 | F28: 50 | G28: 35 | H28: 45 | I28: 40 | J28: =AVERAGE(F28:I28) -> 42.5 | K28: 45 | L28: 45 | M28: 50 | N28: 52 | O28: =AVERAGE(K28:N28) -> 48 | P28: =IF($C$7="Bull", 60, IF($C$7="Bear", 40, 50)) -> 50 | Q28: =IF($C$7="Bull", 60, IF($C$7="Bear", 40, 50)) -> 50 | R28: =IF($C$7="Bull", 60, IF($C$7="Bear", 40, 50)) -> 50 | S28: =IF($C$7="Bull", 60, IF($C$7="Bear", 40, 50)) -> 50 | T28: =AVERAGE(P28:S28) -> 50 | U28: =IF($C$7="Bull",80,IF($C$7="Bear",42,60)) -> 60 | V28: =IF($C$7="Bull",80,IF($C$7="Bear",42,60)) -> 60 | W28: =IF($C$7="Bull",80,IF($C$7="Bear",42,60)) -> 60 | X28: =IF($C$7="Bull",80,IF($C$7="Bear",42,60)) -> 60 | Y28: =AVERAGE(U28:X28) -> 60 | AA28: Toggled base on bear, base, bull case as seen in Revenue Build Toggles sheet
B30: Another Hyperscaler Revenue | P30: =P31*P32*0.92*2208/1000000*P33 -> 10.075546 | Q30: =Q31*Q32*0.92*2208/1000000*Q33 -> 10.075546 | R30: =R31*R32*0.92*2208/1000000*R33 -> 10.075546 | S30: =S31*S32*0.92*2208/1000000*S33 -> 10.075546 | T30: =SUM(P30:S30) -> 40.302182 | U30: =U31*U32*0.92*2208/1000000*U33 -> 20.151091 | V30: =V31*V32*0.92*2208/1000000*V33 -> 20.151091 | W30: =W31*W32*0.92*2208/1000000*W33 -> 20.151091 | X30: =X31*X32*0.92*2208/1000000*X33 -> 20.151091 | Y30: =SUM(U30:X30) -> 80.604365 | AA30: Same rationale for the calculation as seen in line 22 (but times the price to get revenue)
B31: Probability of Deal, % (toggles with assumption) | P31: =IF($C$7="Bull", 0.5, IF($C$7="Bear", 0, 0.2)) -> 0.2 | Q31: =IF($C$7="Bull", 0.5, IF($C$7="Bear", 0, 0.2)) -> 0.2 | R31: =IF($C$7="Bull", 0.5, IF($C$7="Bear", 0, 0.2)) -> 0.2 | S31: =IF($C$7="Bull", 0.5, IF($C$7="Bear", 0, 0.2)) -> 0.2 | T31: =AVERAGE(P31:S31) -> 0.2 | U31: =IF($C$7="Bull", 0.8, IF($C$7="Bear", 0.1, 0.4)) -> 0.4 | V31: =IF($C$7="Bull", 0.8, IF($C$7="Bear", 0.1, 0.4)) -> 0.4 | W31: =IF($C$7="Bull", 0.8, IF($C$7="Bear", 0.1, 0.4)) -> 0.4 | X31: =IF($C$7="Bull", 0.8, IF($C$7="Bear", 0.1, 0.4)) -> 0.4 | Y31: =AVERAGE(U31:X31) -> 0.4 | AA31: Toggled base on bear, base, bull case as seen in Revenue Build Toggles sheet
B32: MW if Signed | C32: 400 | D32: 400 | E32: =AVERAGE(C32:D32) -> 400 | F32: 400 | G32: 400 | H32: 400 | I32: 400 | J32: =AVERAGE(F32:I32) -> 400 | K32: 400 | L32: 400 | M32: 400 | N32: 400 | O32: =AVERAGE(K32:N32) -> 400 | P32: 400 | Q32: 400 | R32: 400 | S32: 400 | T32: =AVERAGE(P32:S32) -> 400 | U32: 400 | V32: 400 | W32: 400 | X32: 400 | Y32: =AVERAGE(U32:X32) -> 400 | AA32: Since there is only 400 MW left until fulfilling the CF, it can all theoretically be used if another deal was to get signed
B33: Revenue per MWh ($/MWh) | C33: 62 | D33: 62 | F33: 62 | G33: 62 | H33: 62 | I33: 62 | K33: 62 | L33: 62 | M33: 62 | N33: 62 | P33: 62 | Q33: 62 | R33: 62 | S33: 62 | T33: =AVERAGE(P33:S33) -> 62 | U33: 62 | V33: 62 | W33: 62 | X33: 62 | Y33: =AVERAGE(U33:X33) -> 62
B35: Natural Gas/Coal Energy Revenue | C35: =C11-C15 -> 371.472 | D35: =D11-D15 -> 164.864 | E35: =E11-E15 -> 1766.336 | F35: =F11-F15 -> 318.08 | G35: =G11-G15 -> 189.256 | H35: =H11-H15 -> 276.472 | I35: =I11-I15 -> 233.864 | J35: =J11-J15 -> 1017.672 | ... O35: =O11-O15 -> 1106.0592 | P35: =K35*(1+P36) -> 406.4928 | Q35: =L35*(1+Q36) -> 144.40956 | R35: =M35*(1+R36) -> 388.96214 | S35: =N35*(1+S36) -> 363.45423 | T35: =SUM(P35:S35) -> 1303.3187 | U35: =P35*(1+U36) -> 508.116 | V35: =Q35*(1+V36) -> 187.73243 | W35: =R35*(1+W36) -> 525.09889 | X35: =S35*(1+X36) -> 508.83593 | Y35: =SUM(U35:X35) -> 1729.7832
B36: Y/Y Growth, % | H36: =H35/C35-1 -> -0.25573933 | I36: =I35/D35-1 -> 0.41852679 | J36: =J35/E35-1 -> -0.42385141 | K36: =K35/F35-1 -> 0.11126761 | L36: =L35/G35-1 -> -0.33648852 | M36: =M35/H35-1 -> 0.17239763 | N36: =N35/I35-1 -> 0.29510539 | O36: =O35/J35-1 -> 0.08685232 | P36: 0.15 | Q36: 0.15 | R36: 0.2 | S36: 0.2 | T36: =AVERAGE(P36:S36) -> 0.175 | U36: 0.25 | V36: 0.3 | W36: 0.35 | X36: 0.4 | Y36: =AVERAGE(U36:X36) -> 0.325 | AA36: Cornerstone acqusition will be competed in the 3rd quarter of 2026, so revenue from these should increase. The 10% is striaght line as consensus
B37: % of Total Revenue | C37: =C35/C47 -> 0.71990698 | D37: =D35/D47 -> 0.31283491 | E37: =E35/E47 -> 0.69159593 | F37: =F35/F47 -> 0.62491159 | G37: =G35/G47 -> 0.38702658 | H37: =H35/H47 -> 0.42534154 | I37: =I35/I47 -> 0.50077944 | J37: =J35/J47 -> 0.48116879 | ... Y37: =Y35/Y47 -> 0.44018067
B39: CAPACITY REVENUE
B40: Capacity Revenues, mm | C40: 44 | D40: 63 | E40: 241 | F40: 45 | G40: 46 | H40: 50 | I40: 51 | J40: 192 | K40: 49 | L40: 88 | M40: 166 | N40: 182 | O40: 485 | P40: 170 | Q40: 185 | R40: 212 | S40: 212 | T40: =SUM(P40:S40) -> 779 | U40: 207 | V40: 210 | W40: 215 | X40: 215 | Y40: =SUM(U40:X40) -> 847 | AA40: Was orignially going to do capacity revenue growth rate consensus, but these prices have already been decided so I just backlogged into the actual revenue TLN should be getting each Q
B41: % of Total Revenue | C41: =C40/C47 -> 0.085271318 | D41: =D40/D47 -> 0.11954459 | E41: =E40/E47 -> 0.094361785 | F41: =F40/F47 -> 0.088408644 | G41: =G40/G47 -> 0.09406953 | H41: =H40/H47 -> 0.076923077 | I41: =I40/I47 -> 0.10920771 | J41: =J40/J47 -> 0.090780142 | ... Y41: =Y40/Y47 -> 0.21553743
B43: DERIVATIVE INSTRUMENTS
B44: Unrealized Gain (Loss) Income on Derivative Investments, mm | C44: -128 | D44: 96 | E44: 115 | F44: -108 | G44: 76 | H44: 95 | I44: -21 | J44: 42 | K44: -241 | L44: 176 | M44: 42 | N44: -22 | O44: -45 | P44: 25 | Q44: 25 | R44: 25 | S44: 25 | T44: =SUM(P44:S44) -> 100 | U44: 25 | V44: 25 | W44: 25 | X44: 25 | Y44: =SUM(U44:X44) -> 100 | AA44: Consensus hardcoded
B45: Y/Y Growth, % | H45: =H44/C44-1 -> -1.7421875 | I45: =I44/D44-1 -> -1.21875 | J45: =J44/E44-1 -> -0.63478261 | K45: =K44/F44-1 -> 1.2314815 | L45: =L44/G44-1 -> 1.3157895 | M45: =M44/H44-1 -> -0.55789474 | N45: =N44/I44-1 -> 0.047619048 | O45: =O44/J44-1 -> -2.0714286 | ... Y45: =Y44/T44-1 -> 0
B47: Total Revenue | C47: =C11+C40+C44 -> 516 | D47: =D11+D40+D44 -> 527 | E47: =E11+E40+E44 -> 2554 | F47: =F11+F40+F44 -> 509 | G47: =G11+G40+G44 -> 489 | H47: =H11+H40+H44 -> 650 | I47: =I11+I40+I44 -> 467 | J47: =J11+J40+J44 -> 2115 | ... S47: =S11+S40+S44 -> 895.48543 | T47: =SUM(P47:S47) -> 3362.4435 | U47: =U11+U40+U44 -> 1053.3482 | V47: =V11+V40+V44 -> 735.96461 | W47: =W11+W40+W44 -> 1078.3311 | X47: =X11+X40+X44 -> 1062.0681 | Y47: =SUM(U47:X47) -> 3929.712
B48: Y/Y Growth, % | H48: =H47/C47-1 -> 0.25968992 | I48: =I47/D47-1 -> -0.11385199 | J48: =J47/E47-1 -> -0.17188724 | K48: =K47/F47-1 -> -0.23379175 | L48: =L47/G47-1 -> 0.28834356 | M48: =M47/H47-1 -> 0.24923077 | N48: =N47/I47-1 -> 0.60385439 | O48: =O47/J47-1 -> 0.22033097 | ... Y48: =Y47/T47-1 -> 0.16870721

Sheet Revenue Build Toggles
B2: Talen Energy Corp. (TLN)
B3: Revenue Build Assumptions
B4: Assumption | C4: Scenario | D4: 2026E | E4: 2027E | F4: Rationale
B6: Merchant Nuclear Spot Price ($/MWh) | C6: Bear | D6: 40 | E6: 42 | F6: Bear: Mild weather + abundant gas supply keeps PJM energy prices suppressed; assuming there is also no material demand shock
B7: Merchant Nuclear Spot Price ($/MWh) | C7: Base | D7: 50 | E7: 60 | F7: Base: Historical PJM Western Hub averages; moderate AI data center load growth priced in (basically just following current trends)
B8: Merchant Nuclear Spot Price ($/MWh) | C8: Bull | D8: 60 | E8: 80 | F8: Bull: Assuming there is a hotter summer/colder winter + AI data center demand surges PJM supply by more; gas prices elevated
B10: Second Hyperscaler Probability | C10: Bear | D10: 0 | E10: 0.1 | F10: Bear: 2026E: No deal signed; market views AWS as one-off deal; regulatory timeline still uncertain. 2027E: Small probability one smaller deal closes after 2+ years of demonstrated AWS performance
B11: Second Hyperscaler Probability | C11: Base | D11: 0.2 | E11: 0.4 | F11: Base: 2026E: Active negotiation for a deal; NRC/FERC approval + Constellation fully committed nuclear capacity de-risks the pipeline. 2027E: A 2-year window gives adequate runway; hyperscaler urgency grows with AI capex expansion
B12: Second Hyperscaler Probability | C12: Bull | D12: 0.5 | E12: 0.8 | F12: Bull: 2026E: Hopefully a deal announced; hyperscalers will be competing for Talen's remaining ~400 MW merchant capacity. 2027E: Deal confirmed + second deal in pipeline; Talen template now standard industry practice

Sheet Income Statement
B2: Talen Energy Corp. (TLN)
B3: Income Statement ($mm unless noted otherwise) | C3: 45170 | D3: 45261 | E3: 45261 | F3: 45352 | G3: 45444 | H3: 45536 | I3: 45627 | J3: 45627 | K3: 45717 | L3: 45809 | M3: 45901 | N3: 45992 | O3: 45992 | P3: 46082 | Q3: 46174 | R3: 46266 | S3: 46357 | T3: 46357 | U3: 46447 | V3: 46539 | W3: 46631 | X3: 46722 | Y3: 46722
C4: Q3-2023 | D4: Q4-2023 | E4: FY2023A | F4: Q1-2024 | G4: Q2-2024 | H4: Q3-2024 | I4: Q4-2024 | J4: FY2024A | K4: Q1-2025 | L4: Q2-2025 | M4: Q3-2025 | N4: Q4-2025 | O4: FY2025A | P4: Q1-2026 | Q4: Q2-2026 | R4: Q3-2026 | S4: Q4-2026 | T4: FY2026A | U4: Q1-2027 | V4: Q2-2027 | W4: Q3-2027 | X4: Q4-2027 | Y4: FY2027A
B7: Total Revenue | C7: ='Revenue Build'!C47 -> 516 | D7: ='Revenue Build'!D47 -> 527 | E7: ='Revenue Build'!E47 -> 2554 | F7: ='Revenue Build'!F47 -> 509 | G7: ='Revenue Build'!G47 -> 489 | H7: ='Revenue Build'!H47 -> 650 | I7: ='Revenue Build'!I47 -> 467 | J7: ='Revenue Build'!J47 -> 2115 | ... Y7: ='Revenue Build'!Y47 -> 3929.712
B8: Y/Y Total Revenue growth, % | H8: =H7/C7-1 -> 0.25968992 | I8: =I7/D7-1 -> -0.11385199 | J8: =J7/E7-1 -> -0.17188724 | K8: =K7/F7-1 -> -0.23379175 | L8: =L7/G7-1 -> 0.28834356 | M8: =M7/H7-1 -> 0.24923077 | N8: =N7/I7-1 -> 0.60385439 | O8: =O7/J7-1 -> 0.22033097 | ... Y8: =Y7/T7-1 -> 0.16870721
B10: Cost of Goods Sold | C10: 256 | D10: 151 | E10: 867 | F10: 212 | G10: 176 | H10: 245 | I10: 164 | J10: 797 | K10: 235 | L10: 252 | M10: 292 | N10: 287 | O10: 1066 | P10: =P7-P11 -> 313.7834 | Q10: =Q7-Q11 -> 227.30426 | R10: =R7-R11 -> 322.34767 | S10: =S7-S11 -> 313.4199 | T10: =SUM(P10:S10) -> 1176.8552 | U10: =U7-U11 -> 347.6049 | V10: =V7-V11 -> 242.86832 | W10: =W7-W11 -> 355.84925 | X10: =X7-X11 -> 350.48248 | Y10: =SUM(U10:X10) -> 1296.8049
B11: Gross Profit | C11: =C7-C10 -> 260 | D11: =D7-D10 -> 376 | E11: =E7-E10 -> 1687 | F11: =F7-F10 -> 297 | G11: =G7-G10 -> 313 | H11: =H7-H10 -> 405 | I11: =I7-I10 -> 303 | J11: =J7-J10 -> 1318 | ... O11: =O7-O10 -> 1515 | P11: =P7*P12 -> 582.7406 | Q11: =Q7*Q12 -> 422.13649 | R11: =R7*R12 -> 598.64567 | S11: =S7*S12 -> 582.06553 | T11: =SUM(P11:S11) -> 2185.5883 | U11: =U7*U12 -> 705.74328 | V11: =V7*V12 -> 493.09629 | W11: =W7*W12 -> 722.48182 | X11: =X7*X12 -> 711.58563 | Y11: =SUM(U11:X11) -> 2632.907
B12: Gross Margin, % | C12: =C11/C7 -> 0.50387597 | D12: =D11/D7 -> 0.71347249 | E12: =E11/E7 -> 0.6605325 | F12: =F11/F7 -> 0.58349705 | G12: =G11/G7 -> 0.6400818 | H12: =H11/H7 -> 0.62307692 | I12: =I11/I7 -> 0.64882227 | J12: =J11/J7 -> 0.62316785 | ... O12: =O11/O7 -> 0.58698179 | P12: 0.65 | Q12: 0.65 | R12: 0.65 | S12: 0.65 | T12: =T11/T7 -> 0.65 | U12: 0.67 | V12: 0.67 | W12: 0.67 | X12: 0.67 | Y12: =Y11/Y7 -> 0.67 | AA12: AWS nuclear PPA scales at ~85% gross margin, so the overall gross margin should be higher than consenus as this contracted revenue dominates the mix
B14: Operational Expenses | C14: 140 | D14: 149 | E14: 643 | F14: 154 | G14: 164 | H14: 127 | I14: 147 | J14: 592 | K14: 146 | L14: 192 | M14: 131 | N14: 151 | O14: 620 | P14: =P7*P15 -> 179.3048 | Q14: =Q7*Q15 -> 129.88815 | R14: =R7*R15 -> 184.19867 | S14: =S7*S15 -> 179.09709 | T14: =SUM(P14:S14) -> 672.4887 | U14: =U7*U15 -> 158.00223 | V14: =V7*V15 -> 110.39469 | W14: =W7*W15 -> 161.74966 | X14: =X7*X15 -> 159.31022 | Y14: =SUM(U14:X14) -> 589.45679
B15: % of Total Revenue | C15: =C14/C$7 -> 0.27131783 | D15: =D14/D$7 -> 0.28273245 | E15: =E14/E$7 -> 0.25176194 | F15: =F14/F$7 -> 0.30255403 | G15: =G14/G$7 -> 0.33537832 | H15: =H14/H$7 -> 0.19538462 | I15: =I14/I$7 -> 0.31477516 | J15: =J14/J$7 -> 0.27990544 | ... O15: =O14/O$7 -> 0.24021697 | P15: 0.2 | Q15: 0.2 | R15: 0.2 | S15: 0.2 | T15: =T14/T7 -> 0.2 | U15: 0.15 | V15: 0.15 | W15: 0.15 | X15: 0.15 | Y15: =Y14/Y7 -> 0.15 | AA15: Contracted nuclear revenue can increase at near-zero marginal operating cost (there is fixed O&M) and if seen across a growing revenue, it would proportinally decrease OpEx
B17: General & Administrative | C17: 37 | D17: 38 | E17: 144 | F17: 43 | G17: 40 | H17: 38 | I17: 42 | J17: 163 | K17: 34 | L17: 41 | M17: 38 | N17: 511 | O17: 624 | P17: =P7*P18 -> 42.297542 | Q17: =Q7*Q18 -> 42.265192 | R17: =R7*R18 -> 43.100673 | S17: =S7*S18 -> 55.737691 | T17: =SUM(P17:S17) -> 183.4011 | U17: =U7*U18 -> 28.629463 | V17: =V7*V18 -> 46.42418 | W17: =W7*W18 -> 48.307107 | X17: =X7*X18 -> 34.244252 | Y17: =SUM(U17:X17) -> 157.605
B18: % of Total Revenue | C18: =C17/C$7 -> 0.071705426 | D18: =D17/D$7 -> 0.072106262 | E18: =E17/E$7 -> 0.056382146 | F18: =F17/F$7 -> 0.084479371 | G18: =G17/G$7 -> 0.081799591 | H18: =H17/H$7 -> 0.058461538 | I18: =I17/I$7 -> 0.08993576 | J18: =J17/J$7 -> 0.077068558 | ... O18: =O17/O$7 -> 0.24176676 | P18: 0.047179487 | Q18: 0.065079365 | R18: 0.04679803 | S18: 0.062242991 | T18: =T17/T7 -> 0.054543994 | U18: 0.027179487 | V18: 0.063079365 | W18: 0.04479803 | X18: 0.032242991 | Y18: =Y17/Y7 -> 0.040105994 | AA18: consensus projections
B20: Depreciation & Amortization | C20: 66 | D20: 71 | E20: 365 | F20: 75 | G20: 75 | H20: 75 | I20: 73 | J20: 298 | K20: 74 | L20: 70 | M20: 61 | N20: 74 | O20: 279 | P20: =P7*P21 -> 91.909782 | Q20: =Q7*Q21 -> 81.717533 | R20: =R7*R21 -> 82.341051 | S20: =S7*S21 -> 93.334796 | T20: =SUM(P20:S20) -> 349.30316 | U20: =U7*U21 -> 107.98707 | V20: =V7*V21 -> 92.604616 | W20: =W7*W21 -> 96.40777 | X20: =X7*X21 -> 110.6974 | Y20: =SUM(U20:X20) -> 407.69686
B21: % of Total Revenue | C21: =C20/C$7 -> 0.12790698 | D21: =D20/D$7 -> 0.13472486 | E21: =E20/E$7 -> 0.14291308 | F21: =F20/F$7 -> 0.14734774 | G21: =G20/G$7 -> 0.15337423 | H21: =H20/H$7 -> 0.11538462 | I21: =I20/I$7 -> 0.15631692 | J21: =J20/J$7 -> 0.14089835 | ... O21: =O20/O$7 -> 0.10809764 | P21: 0.10251793 | Q21: 0.12582754 | R21: 0.089404611 | S21: 0.10422816 | T21: =T20/T7 -> 0.10388373 | U21: 0.10251793 | V21: 0.12582754 | W21: 0.089404611 | X21: 0.10422816 | Y21: =Y20/Y7 -> 0.10374726 | AA21: consensus projections
B23: Other Operating Income /(expense) | C23: 10 | D23: 20 | E23: 451 | F23: 0 | G23: 7 | H23: 7 | I23: 25 | J23: 39 | K23: 7 | L23: 9 | M23: 27 | N23: 39 | O23: 82 | P23: =P7*P24 -> 2.4324401 | Q23: =Q7*Q24 -> 2.1159888 | R23: =R7*R24 -> 2.0930853 | S23: =S7*S24 -> 2.3580847 | T23: =SUM(P23:S23) -> 8.9995988 | U23: =U7*U24 -> 6.2604973 | V23: =V7*V24 -> 4.9292251 | W23: =W7*W24 -> 5.2205211 | X23: =X7*X24 -> 5.9910238 | Y23: =SUM(U23:X23) -> 22.401267
B24: % of Total Revenue | C24: =C23/C$7 -> 0.019379845 | D24: =D23/D$7 -> 0.037950664 | E24: =E23/E$7 -> 0.17658575 | F24: =F23/F$7 -> 0 | G24: =G23/G$7 -> 0.014314928 | H24: =H23/H$7 -> 0.010769231 | I24: =I23/I$7 -> 0.053533191 | J24: =J23/J$7 -> 0.018439716 | ... O24: =O23/O$7 -> 0.031770632 | P24: 0.0027131902 | Q24: 0.0032581706 | R24: 0.0022726389 | S24: 0.0026333032 | T24: =T23/T7 -> 0.0026765056 | U24: 0.0059434264 | V24: 0.0066976388 | W24: 0.0048412971 | X24: 0.0056409036 | Y24: =Y23/Y7 -> 0.0057004858 | AA24: consensus projections
B26: Operating Income (EBIT) | C26: =C11-C14-C17-C20-C23 -> 7 | D26: =D11-D14-D17-D20-D23 -> 98 | E26: =E11-E14-E17-E20-E23 -> 84 | F26: =F11-F14-F17-F20-F23 -> 25 | G26: =G11-G14-G17-G20-G23 -> 27 | H26: =H11-H14-H17-H20-H23 -> 158 | I26: =I11-I14-I17-I20-I23 -> 16 | J26: =J11-J14-J17-J20-J23 -> 226 | ... Y26: =Y11-Y14-Y17-Y20-Y23 -> 1455.7471
B27: Operating Margin, % | C27: =C26/C7 -> 0.013565891 | D27: =D26/D7 -> 0.18595825 | E27: =E26/E7 -> 0.032889585 | F27: =F26/F7 -> 0.049115914 | G27: =G26/G7 -> 0.055214724 | H27: =H26/H7 -> 0.24307692 | I27: =I26/I7 -> 0.034261242 | J27: =J26/J7 -> 0.10685579 | ... Y27: =Y26/Y7 -> 0.37044626
B29: Net Interest Expense / (income) | C29: -68 | D29: -75 | E29: -339 | F29: -59 | G29: -62 | H29: -66 | I29: -51 | J29: -238 | K29: -74 | L29: -62 | M29: -67 | N29: -99 | O29: -302 | P29: =-('Balance Sheet'!P99 * 'Balance Sheet'!P108 / 4) -> -149.71429 | Q29: =-('Balance Sheet'!Q99 * 'Balance Sheet'!Q108 / 4) -> -148.71139 | R29: =-('Balance Sheet'!R99 * 'Balance Sheet'!R108 / 4) -> -147.70849 | S29: =-('Balance Sheet'!S99 * 'Balance Sheet'!S108 / 4) -> -146.70559 | T29: =SUM(P29:S29) -> -592.83976 | U29: =-('Balance Sheet'!U99 * 'Balance Sheet'!U108 / 4) -> -145.7027 | V29: =-('Balance Sheet'!V99 * 'Balance Sheet'!V108 / 4) -> -144.6998 | W29: =-('Balance Sheet'!W99 * 'Balance Sheet'!W108 / 4) -> -143.6969 | X29: =-('Balance Sheet'!X99 * 'Balance Sheet'!X108 / 4) -> -142.694 | Y29: =SUM(U29:X29) -> -576.7934 | AA29: flows through statements
B31: Other Income | C31: -31 | D31: 213 | E31: 1126 | F31: 422 | G31: 605 | H31: 87 | I31: 9 | J31: 1123 | K31: -7 | L31: 93 | M31: 108 | N31: 32 | O31: 226 | P31: 220 | Q31: 220 | R31: 220 | S31: 220 | T31: =SUM(P31:S31) -> 880 | U31: 220 | V31: 220 | W31: 220 | X31: 220 | Y31: =SUM(U31:X31) -> 880 | AA31: consensus hardcoded
B33: Pre-tax Income | C33: =C26+C29+C31 -> -92 | D33: =D26+D29+D31 -> 236 | E33: =E26+E29+E31 -> 871 | F33: =F26+F29+F31 -> 388 | G33: =G26+G29+G31 -> 570 | H33: =H26+H29+H31 -> 179 | I33: =I26+I29+I31 -> -26 | J33: =J26+J29+J31 -> 1111 | ... Y33: =Y26+Y29+Y31 -> 1758.9537
B35: Provision / (benefit) for Income Taxes | C35: -16 | D35: 48 | E35: 263 | F35: 69 | G35: 112 | H35: 11 | I35: -94 | J35: 98 | K35: -52 | L35: 25 | M35: 97 | N35: -17 | O35: 53 | P35: 5 | Q35: 5 | R35: 11 | S35: 9 | T35: =SUM(P35:S35) -> 30 | U35: 8 | V35: 4 | W35: 9 | X35: 9 | Y35: =SUM(U35:X35) -> 30 | AA35: consensus hardcoded
B36: Tax Rate, % | C36: =IFERROR(C35/C33,0) -> 0.17391304 | D36: =IFERROR(D35/D33,0) -> 0.20338983 | E36: =IFERROR(E35/E33,0) -> 0.30195178 | F36: =IFERROR(F35/F33,0) -> 0.17783505 | G36: =IFERROR(G35/G33,0) -> 0.19649123 | H36: =IFERROR(H35/H33,0) -> 0.061452514 | I36: =IFERROR(I35/I33,0) -> 3.6153846 | J36: =IFERROR(J35/J33,0) -> 0.088208821 | ... Y36: =IFERROR(Y35/Y33,0) -> 0.017055594
B38: Net Income (Loss) | C38: =C33-C35 -> -76 | D38: =D33-D35 -> 188 | E38: =E33-E35 -> 608 | F38: =F33-F35 -> 319 | G38: =G33-G35 -> 458 | H38: =H33-H35 -> 168 | I38: =I33-I35 -> 68 | J38: =J33-J35 -> 1013 | ... Y38: =Y33-Y35 -> 1728.9537
B39: Net Income to NCI | C39: 1 | D39: 6 | E39: -5 | F39: 25 | G39: 4 | H39: 0 | I39: -14 | J39: 15 | K39: 0 | L39: 0 | M39: 0 | N39: 0 | O39: 0 | P39: 3 | Q39: 3 | R39: 3 | S39: 3 | T39: =SUM(P39:S39) -> 12 | U39: 3 | V39: 3 | W39: 3 | X39: 3 | Y39: =SUM(U39:X39) -> 12 | AA39: consensus hardcoded
B41: Net Income (Loss) to Common Shareholders | C41: =C38-C39 -> -77 | D41: =D38-D39 -> 182 | E41: =E38-E39 -> 613 | F41: =F38-F39 -> 294 | G41: =G38-G39 -> 454 | H41: =H38-H39 -> 168 | I41: =I38-I39 -> 82 | J41: =J38-J39 -> 998 | ... Y41: =Y38-Y39 -> 1716.9537
B43: EPS (Basic), $ | C43: =C41/C46 -> -1.3044436 | D43: =D41/D46 -> 3.0847458 | E43: =E41/E46 -> 10.384726 | F43: =F41/F46 -> 4.9994048 | G43: =G41/G46 -> 7.9047254 | H43: =H41/H46 -> 3.2990339 | I43: =I41/I46 -> 1.6432866 | J43: =J41/J46 -> 18.394957 | ... Y43: =Y41/Y46 -> 37.580112
B44: EPS (Diluted), $ | C44: =C41/C49 -> -1.3044436 | D44: =D41/D49 -> 3.0082645 | E44: =E41/E49 -> 10.320039 | F44: =F41/F49 -> 4.8422162 | G44: =G41/G49 -> 7.5951485 | H44: =H41/H49 -> 3.1597359 | I44: =I41/I49 -> 1.5648855 | J44: =J41/J49 -> 17.668095 | ... Y44: =Y41/Y49 -> 35.674727
B46: Basic Weighted Average Shares | C46: 59.029 | D46: 59 | E46: 59.029 | F46: 58.807 | G46: 57.434 | H46: 50.924 | I46: 49.9 | J46: 54.254 | K46: 45.849 | L46: 45.554 | M46: 45.684 | N46: 40.5 | O46: 45.692 | P46: 45.687828 | Q46: 45.687828 | R46: 45.687828 | S46: 45.687828 | T46: 45.687828 | U46: 45.687828 | V46: 45.687828 | W46: 45.687828 | X46: 45.687828 | Y46: 45.687828 | AA46: consensus hardcoded
B47: Y/Y Growth, % | H47: =H46/C46-1 -> -0.13730539 | I47: =I46/D46-1 -> -0.15423729 | J47: =J46/E46-1 -> -0.080892443 | K47: =K46/F46-1 -> -0.22034792 | L47: =L46/G46-1 -> -0.20684612 | M47: =M46/H46-1 -> -0.10289844 | N47: =N46/I46-1 -> -0.18837675 | O47: =O46/J46-1 -> -0.15781325 | ... Y47: =Y46/T46-1 -> 0
B49: Diluted Weighted Average Shares | C49: 59.029 | D49: 60.5 | E49: 59.399 | F49: 60.716 | G49: 59.775 | H49: 53.169 | I49: 52.4 | J49: 56.486 | K49: 45.849 | L49: 47.905 | M49: 48.582 | N49: 40.5 | O49: 45.692 | P49: 48.35692 | Q49: 48.128011 | R49: 48.128011 | S49: 48.128011 | T49: 48.184455 | U49: 48.128011 | V49: 48.128011 | W49: 48.128011 | X49: 48.128011 | Y49: 48.128011 | AA49: consensus hardcoded
B50: Y/Y Growth, % | H50: =H49/C49-1 -> -0.099273239 | I50: =I49/D49-1 -> -0.1338843 | J50: =J49/E49-1 -> -0.04904123 | K50: =K49/F49-1 -> -0.24486132 | L50: =L49/G49-1 -> -0.198578 | M50: =M49/H49-1 -> -0.086272076 | N50: =N49/I49-1 -> -0.22709924 | O50: =O49/J49-1 -> -0.1910916 | ... Y50: =Y49/T49-1 -> -0.0011713972
B54: EBIT | C54: =C26 -> 7 | D54: =D26 -> 98 | E54: =E26 -> 84 | F54: =F26 -> 25 | G54: =G26 -> 27 | H54: =H26 -> 158 | I54: =I26 -> 16 | J54: =J26 -> 226 | ... Y54: =Y26 -> 1455.7471
B55: Add back: D&A | C55: =C20 -> 66 | D55: =D20 -> 71 | E55: =E20 -> 365 | F55: =F20 -> 75 | G55: =G20 -> 75 | H55: =H20 -> 75 | I55: =I20 -> 73 | J55: =J20 -> 298 | ... Y55: =Y20 -> 407.69686
B57: EBITDA | C57: =C54+C55 -> 73 | D57: =D54+D55 -> 169 | E57: =E54+E55 -> 449 | F57: =F54+F55 -> 100 | G57: =G54+G55 -> 102 | H57: =H54+H55 -> 233 | I57: =I54+I55 -> 89 | J57: =J54+J55 -> 524 | ... Y57: =Y54+Y55 -> 1863.4439
B58: % of Total Revenue | C58: =C57/C7 -> 0.14147287 | D58: =D57/D7 -> 0.32068311 | E58: =E57/E7 -> 0.17580266 | F58: =F57/F7 -> 0.19646365 | G58: =G57/G7 -> 0.20858896 | H58: =H57/H7 -> 0.35846154 | I58: =I57/I7 -> 0.19057816 | J58: =J57/J7 -> 0.24775414 | ... Y58: =Y57/Y7 -> 0.47419352

Sheet Balance Sheet
B2: Talen Energy Corp. (TLN)
B3: Balance Sheet ($mm unless noted otherwise) | C3: 45170 | D3: 45261 | E3: 45261 | F3: 45352 | G3: 45444 | H3: 45536 | I3: 45627 | J3: 45627 | K3: 45717 | L3: 45809 | M3: 45901 | N3: 45992 | O3: 45992 | P3: 46082 | Q3: 46174 | R3: 46266 | S3: 46357 | T3: 46357 | U3: 46447 | V3: 46539 | W3: 46631 | X3: 46722 | Y3: 46722
C4: Q3-2023 | D4: Q4-2023 | E4: FY2023A | F4: Q1-2024 | G4: Q2-2024 | H4: Q3-2024 | I4: Q4-2024 | J4: FY2024A | K4: Q1-2025 | L4: Q2-2025 | M4: Q3-2025 | N4: Q4-2025 | O4: FY2025A | P4: Q1-2026 | Q4: Q2-2026 | R4: Q3-2026 | S4: Q4-2026 | T4: FY2026A | U4: Q1-2027 | V4: Q2-2027 | W4: Q3-2027 | X4: Q4-2027 | Y4: FY2027A
B7: Current Assets
B8: Cash and Cash Equivalents | C8: 244 | D8: 400 | E8: 400 | F8: 597 | G8: 632 | H8: 648 | I8: 328 | J8: 328 | K8: 295 | L8: 122 | M8: 497 | N8: 689 | O8: 689 | P8: =O8+'Cash Flow Statement'!P77 -> 546.40301 | Q8: =P8+'Cash Flow Statement'!Q77 -> 1097.2257 | R8: =Q8+'Cash Flow Statement'!R77 -> 1354.3115 | S8: =R8+'Cash Flow Statement'!S77 -> 1817.6925 | T8: =S8 -> 1817.6925 | U8: =T8+'Cash Flow Statement'!U77 -> 2300.3572 | V8: =U8+'Cash Flow Statement'!V77 -> 2929.644 | W8: =V8+'Cash Flow Statement'!W77 -> 3574.0568 | X8: =W8+'Cash Flow Statement'!X77 -> 3983.8522 | Y8: =X8 -> 3983.8522
B9: Restricted Cash and Cash Equivalents | C9: 520 | D9: 501 | E9: 501 | F9: 483 | G9: 483 | H9: 484 | I9: 37 | J9: 37 | K9: 25 | L9: 13 | M9: 0 | N9: 63 | O9: 63 | P9: =O9 -> 63 | Q9: =P9 -> 63 | R9: =Q9 -> 63 | S9: =R9 -> 63 | T9: =S9 -> 63 | U9: =S9 -> 63 | V9: =U9 -> 63 | W9: =V9 -> 63 | X9: =W9 -> 63 | Y9: =X9 -> 63
B10: Accounts Receivable, Net | C10: 168 | D10: 137 | E10: 137 | F10: 126 | G10: 151 | H10: 97 | I10: 123 | J10: 123 | K10: 100 | L10: 226 | M10: 180 | N10: 196 | O10: 196 | P10: =P77 -> 246.20735 | Q10: =Q77 -> 178.35227 | R10: =R77 -> 252.92723 | S10: =S77 -> 245.92213 | T10: =S10 -> 245.92213 | U10: =U77 -> 289.27509 | V10: =V77 -> 202.11383 | W10: =W77 -> 296.13601 | X10: =X77 -> 291.6698 | Y10: =X10 -> 291.6698
B11: Inventory | C11: 298 | D11: 375 | E11: 375 | F11: 279 | G11: 280 | H11: 297 | I11: 302 | J11: 302 | K11: 219 | L11: 224 | M11: 263 | N11: 278 | O11: 278 | P11: =P78 -> 827.07248 | Q11: =Q78 -> 599.13017 | R11: =R78 -> 849.64624 | S11: =S78 -> 826.11437 | T11: =S11 -> 826.11437 | U11: =U78 -> 971.74788 | V11: =V78 -> 678.95124 | W11: =W78 -> 994.79541 | X11: =X78 -> 979.7923 | Y11: =X11 -> 979.7923
B12: Derivative Instruments | C12: 76 | D12: 89 | E12: 89 | F12: 14 | G12: 27 | H12: 50 | I12: 66 | J12: 66 | K12: 33 | L12: 80 | M12: 45 | N12: 56 | O12: 56 | P12: =O12 -> 56 | Q12: =P12 -> 56 | R12: =Q12 -> 56 | S12: =R12 -> 56 | T12: =S12 -> 56 | U12: =S12 -> 56 | V12: =U12 -> 56 | W12: =V12 -> 56 | X12: =W12 -> 56 | Y12: =X12 -> 56
B13: Other Current Assets | C13: 123 | D13: 52 | E13: 52 | F13: =383+215 -> 598 | G13: 380 | H13: 97 | I13: 184 | J13: 184 | K13: 174 | L13: 165 | M13: 63 | N13: 67 | O13: 67 | P13: =P80 -> 196.13646 | Q13: =Q80 -> 142.08098 | R13: =R80 -> 201.48972 | S13: =S80 -> 195.90925 | T13: =S13 -> 195.90925 | U13: =U80 -> 210.66964 | V13: =V80 -> 147.19292 | W13: =W80 -> 215.66621 | X13: =X80 -> 212.41362 | Y13: =X13 -> 212.41362
B14: Total Current Assets | C14: =SUM(C8:C13) -> 1429 | D14: =SUM(D8:D13) -> 1554 | E14: =SUM(E8:E13) -> 1554 | F14: =SUM(F8:F13) -> 2097 | G14: =SUM(G8:G13) -> 1953 | H14: =SUM(H8:H13) -> 1673 | I14: =SUM(I8:I13) -> 1040 | J14: =SUM(J8:J13) -> 1040 | ... Y14: =SUM(Y8:Y13) -> 5586.728
B16: Non-Current Assets
B17: Total Intangible assets | C17: 5 | D17: 6 | E17: 6 | F17: 59 | G17: 5 | H17: 6 | I17: 5 | J17: 5 | K17: 5 | L17: 4 | M17: 5 | N17: 5 | O17: 5 | P17: =O17 -> 5 | Q17: =P17 -> 5 | R17: =Q17 -> 5 | S17: =R17 -> 5 | T17: =S17 -> 5 | U17: =S17 -> 5 | V17: =U17 -> 5 | W17: =V17 -> 5 | X17: =W17 -> 5 | Y17: =X17 -> 5
B18: Property, plant and equipment exc. Intangibles, nuclear fuel and CWIP | C18: 3368 | D18: 3405 | E18: 3405 | F18: 2964 | G18: 2934 | H18: 2886 | I18: 2810 | J18: 2810 | K18: 2785 | L18: 2759 | M18: 2719 | N18: 7093 | O18: 7093 | P18: =P67 -> 7060.9527 | Q18: =Q67 -> 7037.7376 | R18: =R67 -> 7004.8156 | S18: =S67 -> 6972.8054 | T18: =S18 -> 6972.8054 | U18: =U67 -> 6935.1522 | V18: =V67 -> 6908.8443 | W18: =W67 -> 6870.298 | X18: =X67 -> 6832.3331 | Y18: =X18 -> 6832.3331
B19: Construction work in progress | C19: 279 | D19: 255 | E19: 255 | F19: 101 | G19: 96 | H19: 143 | I19: 169 | J19: 169 | K19: 96 | L19: 89 | M19: 138 | N19: 258 | O19: 258 | P19: =O19 -> 258 | Q19: =P19 -> 258 | R19: =Q19 -> 258 | S19: =R19 -> 258 | T19: =S19 -> 258 | U19: =S19 -> 258 | V19: =U19 -> 258 | W19: =V19 -> 258 | X19: =W19 -> 258 | Y19: =X19 -> 258
B20: Nuclear fuel | C20: 194 | D20: 173 | E20: 173 | F20: 235 | G20: 215 | H20: 193 | I20: 170 | J20: 170 | K20: 252 | L20: 237 | M20: 213 | N20: 190 | O20: 190 | P20: =O20 -> 190 | Q20: =P20 -> 190 | R20: =Q20 -> 190 | S20: =R20 -> 190 | T20: =S20 -> 190 | U20: =S20 -> 190 | V20: =U20 -> 190 | W20: =V20 -> 190 | X20: =W20 -> 190 | Y20: =X20 -> 190
B21: Property, Plant, and Equipment | C21: 3846 | D21: 3839 | E21: 3839 | F21: 3359 | G21: 3250 | H21: 3228 | I21: 3154 | J21: 3154 | K21: 3138 | L21: 3089 | M21: 3075 | N21: 7546 | O21: 7546 | P21: =P18+P19+P20 -> 7508.9527 | Q21: =Q18+Q19+Q20 -> 7485.7376 | R21: =R18+R19+R20 -> 7452.8156 | S21: =S18+S19+S20 -> 7420.8054 | T21: =T18+T19+T20 -> 7420.8054 | U21: =U18+U19+U20 -> 7383.1522 | V21: =V18+V19+V20 -> 7356.8443 | W21: =W18+W19+W20 -> 7318.298 | ... Y21: =Y18+Y19+Y20 -> 7280.3331
B22: Nuclear Decomissioning Trust Funds | C22: 1456 | D22: 1575 | E22: 1575 | F22: 1642 | G22: 1659 | H22: 1737 | I22: 1724 | J22: 1724 | K22: 1717 | L22: 1790 | M22: 1870 | N22: 1900 | O22: 1900 | P22: =O22 -> 1900 | Q22: =P22 -> 1900 | R22: =Q22 -> 1900 | S22: =R22 -> 1900 | T22: =S22 -> 1900 | U22: =S22 -> 1900 | V22: =U22 -> 1900 | W22: =V22 -> 1900 | X22: =W22 -> 1900 | Y22: =X22 -> 1900
B23: Derivative Instruments | C23: 1 | D23: 6 | E23: 6 | F23: 4 | G23: 13 | H23: 22 | I23: 5 | J23: 5 | K23: 5 | L23: 0 | M23: 1 | N23: 4 | O23: 4 | P23: =O23 -> 4 | Q23: =P23 -> 4 | R23: =Q23 -> 4 | S23: =R23 -> 4 | T23: =S23 -> 4 | U23: =S23 -> 4 | V23: =U23 -> 4 | W23: =V23 -> 4 | X23: =W23 -> 4 | Y23: =X23 -> 4
B24: Other Non-Current Assets | C24: 160 | D24: 147 | E24: 147 | F24: 163 | G24: 207 | H24: 188 | I24: 183 | J24: 183 | K24: 159 | L24: 118 | M24: 103 | N24: 106 | O24: 106 | P24: =O24 -> 106 | Q24: =P24 -> 106 | R24: =Q24 -> 106 | S24: =R24 -> 106 | T24: =S24 -> 106 | U24: =S24 -> 106 | V24: =U24 -> 106 | W24: =V24 -> 106 | X24: =W24 -> 106 | Y24: =X24 -> 106
B25: Total Non-Current Assets | C25: =SUM(C21:C24) -> 5463 | D25: =SUM(D21:D24) -> 5567 | E25: =SUM(E21:E24) -> 5567 | F25: =SUM(F21:F24) -> 5168 | G25: =SUM(G21:G24) -> 5129 | H25: =SUM(H21:H24) -> 5175 | I25: =SUM(I21:I24) -> 5066 | J25: =SUM(J21:J24) -> 5066 | ... Y25: =SUM(Y21:Y24) -> 9290.3331
B27: Total Assets | C27: =C14+C25 -> 6892 | D27: =D14+D25 -> 7121 | E27: =E14+E25 -> 7121 | F27: =F14+F25 -> 7265 | G27: =G14+G25 -> 7082 | H27: =H14+H25 -> 6848 | I27: =I14+I25 -> 6106 | J27: =J14+J25 -> 6106 | ... Y27: =Y14+Y25 -> 14877.061
B29: Current Liabilities
B30: Long Term Debt, due within a year | C30: 12 | D30: 9 | E30: 9 | F30: 9 | G30: 9 | H30: 9 | I30: 17 | J30: 17 | K30: 17 | L30: 17 | M30: 17 | N30: 29 | O30: 29 | P30: =O30 -> 29 | Q30: =P30 -> 29 | R30: =Q30 -> 29 | S30: =R30 -> 29 | T30: =S30 -> 29 | U30: =S30 -> 29 | V30: =U30 -> 29 | W30: =V30 -> 29 | X30: =W30 -> 29 | Y30: =X30 -> 29
B31: Accrued Interest | C31: 69 | D31: 32 | E31: 32 | F31: 61 | G31: 31 | H31: 54 | I31: 18 | J31: 18 | K31: 54 | L31: 30 | M31: 53 | N31: 60 | O31: 60 | P31: =ABS('Income Statement'!P29) -> 149.71429 | Q31: =ABS('Income Statement'!Q29) -> 148.71139 | R31: =ABS('Income Statement'!R29) -> 147.70849 | S31: =ABS('Income Statement'!S29) -> 146.70559 | T31: =S31 -> 146.70559 | U31: =ABS('Income Statement'!U29) -> 145.7027 | V31: =ABS('Income Statement'!V29) -> 144.6998 | W31: =ABS('Income Statement'!W29) -> 143.6969 | X31: =ABS('Income Statement'!X29) -> 142.694 | Y31: =X31 -> 142.694
B32: Account Payable and Other Accrued Liabilities | C32: 289 | D32: 344 | E32: 344 | F32: 177 | G32: 212 | H32: 210 | I32: 266 | J32: 266 | K32: 203 | L32: 226 | M32: 192 | N32: 281 | O32: 281 | P32: =P79 -> 334.14863 | Q32: =Q79 -> 242.05681 | R32: =R79 -> 343.26874 | S32: =S79 -> 333.76154 | T32: =S32 -> 333.76154 | U32: =U79 -> 392.59948 | V32: =V79 -> 274.30561 | W32: =W79 -> 401.91099 | X32: =X79 -> 395.84953 | Y32: =X32 -> 395.84953
B33: Derivative Instruments | C33: 69 | D33: 32 | E33: 32 | F33: 98 | G33: 63 | H33: 6 | I33: 0 | J33: 0 | K33: 92 | L33: 32 | M33: 44 | N33: 101 | O33: 101 | P33: =O33 -> 101 | Q33: =P33 -> 101 | R33: =Q33 -> 101 | S33: =R33 -> 101 | T33: =S33 -> 101 | U33: =S33 -> 101 | V33: =U33 -> 101 | W33: =V33 -> 101 | X33: =W33 -> 101 | Y33: =X33 -> 101
B34: Stock-Based Compensation Liabilities | N34: 501 | O34: 501 | P34: =O34 -> 501 | Q34: =P34 -> 501 | R34: =Q34 -> 501 | S34: =R34 -> 501 | T34: =S34 -> 501 | U34: =S34 -> 501 | V34: =U34 -> 501 | W34: =V34 -> 501 | X34: =W34 -> 501 | Y34: =X34 -> 501
B35: Other Current Liabilities | C35: 85 | D35: 69 | E35: 69 | F35: =98+17 -> 115 | G35: 118 | H35: 129 | I35: 154 | J35: 154 | K35: 156 | L35: =70+77 -> 147 | M35: 151 | N35: 78 | O35: 78 | P35: =P81 -> 206.96991 | Q35: =Q81 -> 149.92872 | R35: =R81 -> 212.61886 | S35: =S81 -> 206.73015 | T35: =S35 -> 206.73015 | U35: =U81 -> 243.17406 | V35: =V81 -> 169.90346 | W35: =W81 -> 248.94156 | X35: =X81 -> 245.18712 | Y35: =X35 -> 245.18712
B36: Total Current Liabilities | C36: =SUM(C30:C35) -> 524 | D36: =SUM(D30:D35) -> 486 | E36: =SUM(E30:E35) -> 486 | F36: =SUM(F30:F35) -> 460 | G36: =SUM(G30:G35) -> 433 | H36: =SUM(H30:H35) -> 408 | I36: =SUM(I30:I35) -> 455 | J36: =SUM(J30:J35) -> 455 | ... Y36: =SUM(Y30:Y35) -> 1414.7307
B38: Non-Current Liabilites
B39: Long Term Debt | C39: 2823 | D39: 2811 | E39: 2811 | F39: 2619 | G39: 2617 | H39: 2616 | I39: 2987 | J39: 2987 | K39: 2975 | L39: 2972 | M39: 2969 | N39: 6782 | O39: 6782 | P39: =P103 -> 6709.75 | Q39: =Q103 -> 6664.5 | R39: =R103 -> 6619.25 | S39: =S103 -> 6574 | T39: =T103 -> 6393 | U39: =U103 -> 6528.75 | V39: =V103 -> 6483.5 | W39: =W103 -> 6438.25 | ... Y39: =Y103 -> 6212
B40: Derivative Instruments | C40: 11 | D40: 11 | E40: 11 | F40: 4 | G40: 1 | H40: 4 | I40: 7 | J40: 7 | K40: 42 | L40: 62 | M40: 37 | N40: 67 | O40: 67 | P40: =O40 -> 67 | Q40: =P40 -> 67 | R40: =Q40 -> 67 | S40: =R40 -> 67 | T40: =S40 -> 67 | U40: =S40 -> 67 | V40: =U40 -> 67 | W40: =V40 -> 67 | X40: =W40 -> 67 | Y40: =X40 -> 67
B41: Post-Retirement Benefit Obligations | C41: 334 | D41: 368 | E41: 368 | F41: 367 | G41: 364 | H41: 318 | I41: 305 | J41: 305 | K41: 289 | L41: 282 | M41: 243 | N41: 229 | O41: 229 | P41: =O41 -> 229 | Q41: =P41 -> 229 | R41: =Q41 -> 229 | S41: =R41 -> 229 | T41: =S41 -> 229 | U41: =S41 -> 229 | V41: =U41 -> 229 | W41: =V41 -> 229 | X41: =W41 -> 229 | Y41: =X41 -> 229
B42: Asset Retirement Obligations and Accrued Environmental Costs | C42: 452 | D42: 469 | E42: 469 | F42: 471 | G42: 473 | H42: 475 | I42: 468 | J42: 468 | K42: 468 | L42: 478 | M42: 477 | N42: 494 | O42: 494 | P42: =O42 -> 494 | Q42: =P42 -> 494 | R42: =Q42 -> 494 | S42: =R42 -> 494 | T42: =S42 -> 494 | U42: =S42 -> 494 | V42: =U42 -> 494 | W42: =V42 -> 494 | X42: =W42 -> 494 | Y42: =X42 -> 494
B43: Deferred Income Taxes | C43: 346 | D43: 407 | E43: 407 | F43: 460 | G43: 495 | H43: 452 | I43: 362 | J43: 362 | K43: 294 | L43: 297 | M43: 409 | N43: 486 | O43: 486 | P43: =O43 -> 486 | Q43: =P43 -> 486 | R43: =Q43 -> 486 | S43: =R43 -> 486 | T43: =S43 -> 486 | U43: =S43 -> 486 | V43: =U43 -> 486 | W43: =V43 -> 486 | X43: =W43 -> 486 | Y43: =X43 -> 486
B44: Acquired Fuel Supply Contract Liabilities | N44: 662 | O44: 662 | P44: =O44 -> 662 | Q44: =P44 -> 662 | R44: =Q44 -> 662 | S44: =R44 -> 662 | T44: =S44 -> 662 | U44: =S44 -> 662 | V44: =U44 -> 662 | W44: =V44 -> 662 | X44: =W44 -> 662 | Y44: =X44 -> 662
B45: Other Non-Current Liabilites | C45: 44 | D45: 35 | E45: 35 | F45: 118 | G45: 127 | H45: 130 | I45: 135 | J45: 135 | K45: 95 | L45: 38 | M45: 36 | N45: 42 | O45: 42 | P45: =O45 -> 42 | Q45: =P45 -> 42 | R45: =Q45 -> 42 | S45: =R45 -> 42 | T45: =S45 -> 42 | U45: =S45 -> 42 | V45: =U45 -> 42 | W45: =V45 -> 42 | X45: =W45 -> 42 | Y45: =X45 -> 42
B46: Total Non-Current Liabilities | C46: =SUM(C39:C45) -> 4010 | D46: =SUM(D39:D45) -> 4101 | E46: =SUM(E39:E45) -> 4101 | F46: =SUM(F39:F45) -> 4039 | G46: =SUM(G39:G45) -> 4077 | H46: =SUM(H39:H45) -> 3995 | I46: =SUM(I39:I45) -> 4264 | J46: =SUM(J39:J45) -> 4264 | ... Y46: =SUM(Y39:Y45) -> 8192
B48: Total Liabilities | C48: =C36+C46 -> 4534 | D48: =D36+D46 -> 4587 | E48: =E36+E46 -> 4587 | F48: =F36+F46 -> 4499 | G48: =G36+G46 -> 4510 | H48: =H36+H46 -> 4403 | I48: =I36+I46 -> 4719 | J48: =J36+J46 -> 4719 | ... Y48: =Y36+Y46 -> 9606.7307
B50: Shareholder's Equity
B51: Additional Paid in Capital | C51: 2337 | D51: 2346 | E51: 2346 | F51: 2339 | G51: 2092 | H51: 1980 | I51: 1725 | J51: 1725 | K51: 1718 | L51: 1711 | M51: 1726 | N51: 1709 | O51: 1709 | P51: =P122 -> 1709 | Q51: =Q122 -> 1709 | R51: =R122 -> 1709 | S51: =S122 -> 1709 | T51: =T122 -> 1709 | U51: =U122 -> 1709 | V51: =V122 -> 1709 | W51: =W122 -> 1709 | ... Y51: =Y122 -> 1709
B52: Accumulated Retained Earnings | C52: -48 | D52: 134 | E52: 134 | F52: 428 | G52: 448 | H52: 412 | I52: -326 | J52: -326 | K52: -528 | L52: -456 | M52: -249 | N52: -612 | O52: -612 | P52: =P116 -> -279.91825 | Q52: =Q116 -> -47.480017 | R52: =R116 -> 300.72368 | S52: =S116 -> 616.55596 | T52: =T116 -> 616.55596 | U52: =U116 -> 1087.7173 | V52: =V116 -> 1397.7611 | W52: =W116 -> 1875.8609 | ... Y52: =Y116 -> 2345.5096
B53: Accumulated Other Comprehensive Income | C53: -12 | D53: -23 | E53: -23 | F53: =-27-39 -> -66 | G53: -29 | H53: -5 | I53: -12 | J53: -12 | K53: -10 | L53: -9 | M53: -8 | N53: -4 | O53: -4 | P53: =P27-P48-P51-P52 -> 13.107397 | Q53: =Q27-Q48-Q51-Q52 -> 153.80982 | R53: =R27-R48-R51-R52 -> 296.62053 | S53: =S27-S48-S51-S52 -> 437.69039 | T53: =T27-T48-T51-T52 -> 618.69039 | U53: =U27-U48-U51-U52 -> 566.25846 | V53: =V27-V48-V51-V52 -> 653.57632 | W53: =W27-W48-W51-W52 -> 1099.2921 | ... Y53: =Y27-Y48-Y51-Y52 -> 1215.8208
B54: Total Shareholder's Equity | C54: =SUM(C51:C53) -> 2277 | D54: =SUM(D51:D53) -> 2457 | E54: =SUM(E51:E53) -> 2457 | F54: =SUM(F51:F53) -> 2701 | G54: =SUM(G51:G53) -> 2511 | H54: =SUM(H51:H53) -> 2387 | I54: =SUM(I51:I53) -> 1387 | J54: =SUM(J51:J53) -> 1387 | ... Y54: =SUM(Y51:Y53) -> 5270.3304
B56: Non-Controlling Interest | C56: 81 | D56: 77 | E56: 77 | F56: 65 | G56: 61 | H56: 58 | P56: =O56 -> 0 | Q56: =P56 -> 0 | R56: =Q56 -> 0 | S56: =R56 -> 0 | T56: =S56 -> 0 | U56: =S56 -> 0 | V56: =U56 -> 0 | W56: =V56 -> 0 | X56: =W56 -> 0 | Y56: =X56 -> 0
B58: Total Liabilites & Shareholder's Equity | C58: =SUM(C48,C54,C56) -> 6892 | D58: =SUM(D48,D54,D56) -> 7121 | E58: =SUM(E48,E54,E56) -> 7121 | F58: =SUM(F48,F54,F56) -> 7265 | G58: =SUM(G48,G54,G56) -> 7082 | H58: =SUM(H48,H54,H56) -> 6848 | I58: =SUM(I48,I54,I56) -> 6106 | J58: =SUM(J48,J54,J56) -> 6106 | ... Y58: =SUM(Y48,Y54,Y56) -> 14877.061
B60: Balance Check | C60: =ROUND(C58-C27,0) -> 0 | D60: =ROUND(D58-D27,0) -> 0 | E60: =ROUND(E58-E27,0) -> 0 | F60: =ROUND(F58-F27,0) -> 0 | G60: =ROUND(G58-G27,0) -> 0 | H60: =ROUND(H58-H27,0) -> 0 | I60: =ROUND(I58-I27,0) -> 0 | J60: =ROUND(J58-J27,0) -> 0 | ... Y60: =ROUND(Y58-Y27,0) -> 0
B62: PP&E Schedule
B63: Beginning PP&E | D63: =C67 -> 3368 | F63: =D67 -> 3405 | G63: =F67 -> 2964 | H63: =G67 -> 2934 | I63: =H67 -> 2886 | J63: =E67 -> 3405 | K63: =I67 -> 2810 | L63: =K67 -> 2785 | M63: =L67 -> 2759 | N63: =M67 -> 2719 | O63: =J67 -> 2810 | P63: =O67 -> 7093 | Q63: =P67 -> 7060.9527 | R63: =Q67 -> 7037.7376 | S63: =R67 -> 7004.8156 | U63: =S67 -> 6972.8054 | V63: =U67 -> 6935.1522 | W63: =V67 -> 6908.8443 | X63: =W67 -> 6870.298
B64: (+) CapEx | D64: ='Cash Flow Statement'!D36*(1-'Cash Flow Statement'!D37) -> 50.4 | E64: ='Cash Flow Statement'!E36*(1-'Cash Flow Statement'!E37) -> 228.6 | F64: ='Cash Flow Statement'!F36*(1-'Cash Flow Statement'!F37) -> 22.5 | G64: ='Cash Flow Statement'!G36*(1-'Cash Flow Statement'!G37) -> 18 | H64: ='Cash Flow Statement'!H36*(1-'Cash Flow Statement'!H37) -> 11.7 | I64: ='Cash Flow Statement'!I36*(1-'Cash Flow Statement'!I37) -> 24.3 | J64: ='Cash Flow Statement'!J36*(1-'Cash Flow Statement'!J37) -> 76.5 | K64: ='Cash Flow Statement'!K36*(1-'Cash Flow Statement'!K37) -> 16.2 | ... O64: ='Cash Flow Statement'!O36*(1-'Cash Flow Statement'!O37) -> 88.2 | P64: =P74*P69 -> 31.968063 | Q64: =Q74*Q69 -> 23.157621 | R64: =R74*R69 -> 32.840586 | S64: =S74*S69 -> 31.93103 | U64: =U74*U69 -> 37.560067 | V64: =V74*V69 -> 26.24287 | W64: =W74*W69 -> 38.450901 | X64: =X74*X69 -> 37.871
B65: (-) Depreciation | D65: ='Cash Flow Statement'!D12*-1 -> -57 | E65: ='Cash Flow Statement'!E12*-1 -> -305 | F65: ='Cash Flow Statement'!F12*-1 -> -60 | G65: ='Cash Flow Statement'!G12*-1 -> -56 | H65: ='Cash Flow Statement'!H12*-1 -> -56 | I65: ='Cash Flow Statement'!I12*-1 -> -53 | J65: ='Cash Flow Statement'!J12*-1 -> -225 | K65: ='Cash Flow Statement'!K12*-1 -> -55 | ... O65: ='Cash Flow Statement'!O12*-1 -> -211 | P65: =P74*P70 -> -68.087076 | Q65: =Q74*Q70 -> -49.322185 | R65: =R74*R70 -> -69.945416 | S65: =S74*S70 -> -68.008202 | U65: =U74*U70 -> -79.997187 | V65: =V74*V70 -> -55.893293 | W65: =W74*W70 -> -81.894529 | X65: =X74*X70 -> -80.659428
B66: (+) Other net additions to PP&E | D66: 43.6 | E66: -392.6 | F66: -403.5 | G66: 8 | H66: -3.7 | I66: -47.3 | J66: -446.5 | K66: 13.8 | L66: -3.7 | M66: -12.9 | N66: 4408.6 | O66: 4405.8 | P66: =P71*P74 -> 4.0716833 | Q66: =Q71*Q74 -> 2.9495218 | R66: =R71*R74 -> 4.182814 | S66: =S71*S74 -> 4.0669665 | U66: =U71*U74 -> 4.7839212 | V66: =V71*V74 -> 3.3424814 | W66: =W71*W74 -> 4.8973843 | X66: =X71*X74 -> 4.8235239
B67: Ending PP&E (net) | C67: =C18 -> 3368 | D67: =SUM(D63:D66) -> 3405 | E67: =D67 -> 3405 | F67: =SUM(F63:F66) -> 2964 | G67: =SUM(G63:G66) -> 2934 | H67: =SUM(H63:H66) -> 2886 | I67: =SUM(I63:I66) -> 2810 | J67: =SUM(J63:J66) -> 2810 | K67: =SUM(K63:K66) -> 2785 | L67: =SUM(L63:L66) -> 2759 | M67: =SUM(M63:M66) -> 2719 | ... S67: =SUM(S63:S66) -> 6972.8054 | U67: =SUM(U63:U66) -> 6935.1522 | V67: =SUM(V63:V66) -> 6908.8443 | W67: =SUM(W63:W66) -> 6870.298 | X67: =SUM(X63:X66) -> 6832.3331
B69: CapEx % of Revenue | D69: =D64/C74 -> 0.097674419 | E69: =E64/D74 -> 0.43377609 | F69: =F64/E74 -> 0.0088097103 | G69: =G64/F74 -> 0.035363458 | H69: =H64/G74 -> 0.02392638 | I69: =I64/H74 -> 0.037384615 | J69: =J64/I74 -> 0.16381156 | K69: =K64/J74 -> 0.0076595745 | ... O69: =O64/N74 -> 0.11775701 | P69: =AVERAGE(K69:N69) -> 0.035657789 | Q69: =P69 -> 0.035657789 | R69: =Q69 -> 0.035657789 | S69: =R69 -> 0.035657789 | U69: =S69 -> 0.035657789 | V69: =U69 -> 0.035657789 | W69: =V69 -> 0.035657789 | X69: =W69 -> 0.035657789 | AA69: made basically the average of last 4 quarters and flatlined
B70: Depreciation % of Revenue | D70: =D65/C74 -> -0.11046512 | E70: =E65/D74 -> -0.57874763 | F70: =F65/E74 -> -0.023492561 | G70: =G65/F74 -> -0.11001965 | H70: =H65/G74 -> -0.11451943 | I70: =I65/H74 -> -0.081538462 | J70: =J65/I74 -> -0.48179872 | K70: =K65/J74 -> -0.026004728 | ... O70: =O65/N74 -> -0.28170895 | P70: =AVERAGE(K70:N70) -> -0.075945626 | Q70: =P70 -> -0.075945626 | R70: =Q70 -> -0.075945626 | S70: =R70 -> -0.075945626 | U70: =S70 -> -0.075945626 | V70: =U70 -> -0.075945626 | W70: =V70 -> -0.075945626 | X70: =W70 -> -0.075945626 | AA70: made basically the average of last 4 quarters and flatlined
B71: Net Additions % of Revenue | D71: =D66/D74 -> 0.082732448 | E71: =E66/E74 -> -0.15371966 | F71: =F66/F74 -> -0.79273084 | G71: =G66/G74 -> 0.016359918 | H71: =H66/H74 -> -0.0056923077 | I71: =I66/I74 -> -0.1012848 | J71: =J66/J74 -> -0.21111111 | K71: =K66/K74 -> 0.035384615 | ... O71: =O66/O74 -> 1.7070128 | P71: =AVERAGE(K71:M71) -> 0.0045416333 | Q71: =P71 -> 0.0045416333 | R71: =Q71 -> 0.0045416333 | S71: =R71 -> 0.0045416333 | U71: =S71 -> 0.0045416333 | V71: =U71 -> 0.0045416333 | W71: =V71 -> 0.0045416333 | X71: =W71 -> 0.0045416333 | AA71: took avergae of the normal last 3 quarters (q42025 seems to be an outlier to excluded that one)
B73: Operating Working Capital
B74: Revenue | C74: ='Income Statement'!C7 -> 516 | D74: ='Income Statement'!D7 -> 527 | E74: ='Income Statement'!E7 -> 2554 | F74: ='Income Statement'!F7 -> 509 | G74: ='Income Statement'!G7 -> 489 | H74: ='Income Statement'!H7 -> 650 | I74: ='Income Statement'!I7 -> 467 | J74: ='Income Statement'!J7 -> 2115 | ... Y74: ='Income Statement'!Y7 -> 3929.712
B75: COGS | C75: ='Income Statement'!C10 -> 256 | D75: ='Income Statement'!D10 -> 151 | E75: ='Income Statement'!E10 -> 867 | F75: ='Income Statement'!F10 -> 212 | G75: ='Income Statement'!G10 -> 176 | H75: ='Income Statement'!H10 -> 245 | I75: ='Income Statement'!I10 -> 164 | J75: ='Income Statement'!J10 -> 797 | ... Y75: ='Income Statement'!Y10 -> 1296.8049
B77: Accounts Receivable | C77: =C10 -> 168 | D77: =D10 -> 137 | E77: =E10 -> 137 | F77: =F10 -> 126 | G77: =G10 -> 151 | H77: =H10 -> 97 | I77: =I10 -> 123 | J77: =J10 -> 123 | ... O77: =O10 -> 196 | P77: =P84*P74/365 -> 246.20735 | Q77: =Q84*Q74/365 -> 178.35227 | R77: =R84*R74/365 -> 252.92723 | S77: =S84*S74/365 -> 245.92213 | U77: =U84*U74/365 -> 289.27509 | V77: =V84*V74/365 -> 202.11383 | W77: =W84*W74/365 -> 296.13601 | X77: =X84*X74/365 -> 291.6698
B78: Inventory | C78: =C11 -> 298 | D78: =D11 -> 375 | E78: =E11 -> 375 | F78: =F11 -> 279 | G78: =G11 -> 280 | H78: =H11 -> 297 | I78: =I11 -> 302 | J78: =J11 -> 302 | ... O78: =O11 -> 278 | P78: =P85*P74/365 -> 827.07248 | Q78: =Q85*Q74/365 -> 599.13017 | R78: =R85*R74/365 -> 849.64624 | S78: =S85*S74/365 -> 826.11437 | U78: =U85*U74/365 -> 971.74788 | V78: =V85*V74/365 -> 678.95124 | W78: =W85*W74/365 -> 994.79541 | X78: =X85*X74/365 -> 979.7923
B79: Accounts Payable | C79: =C32 -> 289 | D79: =D32 -> 344 | E79: =E32 -> 344 | F79: =F32 -> 177 | G79: =G32 -> 212 | H79: =H32 -> 210 | I79: =I32 -> 266 | J79: =J32 -> 266 | ... O79: =O32 -> 281 | P79: =P86*P74/365 -> 334.14863 | Q79: =Q86*Q74/365 -> 242.05681 | R79: =R86*R74/365 -> 343.26874 | S79: =S86*S74/365 -> 333.76154 | U79: =U86*U74/365 -> 392.59948 | V79: =V86*V74/365 -> 274.30561 | W79: =W86*W74/365 -> 401.91099 | X79: =X86*X74/365 -> 395.84953
B80: Other Current Assets | C80: =C13 -> 123 | D80: =D13 -> 52 | E80: =E13 -> 52 | F80: =F13 -> 598 | G80: =G13 -> 380 | H80: =H13 -> 97 | I80: =I13 -> 184 | J80: =J13 -> 184 | ... O80: =O13 -> 67 | P80: =P87*P74 -> 196.13646 | Q80: =Q87*Q74 -> 142.08098 | R80: =R87*R74 -> 201.48972 | S80: =S87*S74 -> 195.90925 | U80: =U87*U74 -> 210.66964 | V80: =V87*V74 -> 147.19292 | W80: =W87*W74 -> 215.66621 | X80: =X87*X74 -> 212.41362
B81: Other Current Liabilties | C81: =C35 -> 85 | D81: =D35 -> 69 | E81: =E35 -> 69 | F81: =F35 -> 115 | G81: =G35 -> 118 | H81: =H35 -> 129 | I81: =I35 -> 154 | J81: =J35 -> 154 | ... O81: =O35 -> 78 | P81: =P88*P74 -> 206.96991 | Q81: =Q88*Q74 -> 149.92872 | R81: =R88*R74 -> 212.61886 | S81: =S88*S74 -> 206.73015 | U81: =U88*U74 -> 243.17406 | V81: =V88*V74 -> 169.90346 | W81: =W88*W74 -> 248.94156 | X81: =X88*X74 -> 245.18712
B84: Days Receivable | C84: =C77*365/C74 -> 118.83721 | D84: =D77*365/D74 -> 94.886148 | E84: =E77*365/E74 -> 19.579092 | F84: =F77*365/F74 -> 90.353635 | G84: =G77*365/G74 -> 112.70961 | H84: =H77*365/H74 -> 54.469231 | I84: =I77*365/I74 -> 96.134904 | J84: =J77*365/J74 -> 21.22695 | ... O84: =O77*365/O74 -> 27.717939 | P84: =AVERAGE(K84:N84) -> 100.2379 | Q84: =P84 -> 100.2379 | R84: =Q84 -> 100.2379 | S84: =R84 -> 100.2379 | U84: =AVERAGE(P84:S84) -> 100.2379 | V84: =U84 -> 100.2379 | W84: =V84 -> 100.2379 | X84: =W84 -> 100.2379 | AA84: made basically the average of last 4 quarters and flatlined
B85: Days Inventory | C85: =C78*365/C75 -> 424.88281 | D85: =D78*365/D75 -> 906.45695 | E85: =E78*365/E75 -> 157.87197 | F85: =F78*365/F75 -> 480.35377 | G85: =G78*365/G75 -> 580.68182 | H85: =H78*365/H75 -> 442.46939 | I85: =I78*365/I75 -> 672.13415 | J85: =J78*365/J75 -> 138.30615 | ... O85: =O78*365/O75 -> 95.187617 | P85: =AVERAGE(K85:N85) -> 336.72435 | Q85: =P85 -> 336.72435 | R85: =Q85 -> 336.72435 | S85: =R85 -> 336.72435 | U85: =AVERAGE(P85:S85) -> 336.72435 | V85: =U85 -> 336.72435 | W85: =V85 -> 336.72435 | X85: =W85 -> 336.72435 | AA85: made basically the average of last 4 quarters and flatlined
B86: Days Payable | C86: =C79*365/C74 -> 204.42829 | D86: =D79*365/D74 -> 238.25427 | E86: =E79*365/E74 -> 49.162099 | F86: =F79*365/F74 -> 126.92534 | G86: =G79*365/G74 -> 158.24131 | H86: =H79*365/H74 -> 117.92308 | I86: =I79*365/I74 -> 207.9015 | J86: =J79*365/J74 -> 45.905437 | ... O86: =O79*365/O74 -> 39.738473 | P86: =AVERAGE(K86:N86) -> 136.04126 | Q86: =P86 -> 136.04126 | R86: =Q86 -> 136.04126 | S86: =R86 -> 136.04126 | U86: =AVERAGE(P86:S86) -> 136.04126 | V86: =U86 -> 136.04126 | W86: =V86 -> 136.04126 | X86: =W86 -> 136.04126 | AA86: made basically the average of last 4 quarters and flatlined
B87: Other Current Assets as a % of Revenue | C87: =C80/C74 -> 0.23837209 | D87: =D80/D74 -> 0.098671727 | E87: =E80/E74 -> 0.020360219 | F87: =F80/F74 -> 1.1748527 | G87: =G80/G74 -> 0.77709611 | H87: =H80/H74 -> 0.14923077 | I87: =I80/I74 -> 0.39400428 | J87: =J80/J74 -> 0.086997636 | ... O87: =O80/O74 -> 0.025958931 | P87: =AVERAGE(K87:N87) -> 0.21877435 | Q87: =P87 -> 0.21877435 | R87: =Q87 -> 0.21877435 | S87: =R87 -> 0.21877435 | U87: 0.2 | V87: =U87 -> 0.2 | W87: =V87 -> 0.2 | X87: =W87 -> 0.2 | AA87: made basically the average of last 4 quarters and flatlined, also projected to decrease a little due to some collateral that skewed the model
B88: Other Current Liabilities as a % of Revenue | C88: =C81/C74 -> 0.16472868 | D88: =D81/D74 -> 0.13092979 | E88: =E81/E74 -> 0.027016445 | F88: =F81/F74 -> 0.2259332 | G88: =G81/G74 -> 0.24130879 | H88: =H81/H74 -> 0.19846154 | I88: =I81/I74 -> 0.32976445 | J88: =J81/J74 -> 0.072813239 | ... O88: =O81/O74 -> 0.030220845 | P88: =AVERAGE(K88:N88) -> 0.23085819 | Q88: =P88 -> 0.23085819 | R88: =Q88 -> 0.23085819 | S88: =R88 -> 0.23085819 | U88: =AVERAGE(P88:S88) -> 0.23085819 | V88: =U88 -> 0.23085819 | W88: =V88 -> 0.23085819 | X88: =W88 -> 0.23085819 | AA88: made basically the average of last 4 quarters and flatlined
B90: Debt Schedule
B91: (+) Cash flow from operations | C91: ='Cash Flow Statement'!C34 -> 181 | D91: ='Cash Flow Statement'!D34 -> 222 | E91: ='Cash Flow Statement'!E34 -> 864 | F91: ='Cash Flow Statement'!F34 -> 173 | G91: ='Cash Flow Statement'!G34 -> -23 | H91: ='Cash Flow Statement'!H34 -> 96 | I91: ='Cash Flow Statement'!I34 -> 10 | J91: ='Cash Flow Statement'!J34 -> 256 | ... Y91: ='Cash Flow Statement'!Y34 -> 2676.9409
B92: (+) Cash flow from investing | C92: ='Cash Flow Statement'!C49 -> -70 | D92: ='Cash Flow Statement'!D49 -> -63 | E92: ='Cash Flow Statement'!E49 -> -328 | F92: ='Cash Flow Statement'!F49 -> 265 | G92: ='Cash Flow Statement'!G49 -> 714 | H92: ='Cash Flow Statement'!H49 -> 246 | I92: ='Cash Flow Statement'!I49 -> -54 | J92: ='Cash Flow Statement'!J49 -> 1171 | ... Y92: ='Cash Flow Statement'!Y49 -> -510.78109 | AA92: TLN doesn't give out dividends so I just removed that line beneath it
B93: Cash flow generated to service debt | C93: =SUM(C91:C92) -> 111 | D93: =SUM(D91:D92) -> 159 | E93: =SUM(E91:E92) -> 536 | F93: =SUM(F91:F92) -> 438 | G93: =SUM(G91:G92) -> 691 | H93: =SUM(H91:H92) -> 342 | I93: =SUM(I91:I92) -> -44 | J93: =SUM(J91:J92) -> 1427 | ... Y93: =SUM(Y91:Y92) -> 2166.1598
B94: (+) Beginning cash balance | D94: =C8 -> 244 | F94: =D8 -> 400 | G94: =F8 -> 597 | H94: =G8 -> 632 | I94: =H8 -> 648 | J94: =E8 -> 400 | K94: =I8 -> 328 | L94: =K8 -> 295 | M94: =L8 -> 122 | N94: =M8 -> 497 | O94: =J8 -> 328 | P94: =O8 -> 689 | Q94: =P8 -> 546.40301 | R94: =Q8 -> 1097.2257 | S94: =R8 -> 1354.3115 | T94: =O8 -> 689 | U94: =T8 -> 1817.6925 | V94: =U8 -> 2300.3572 | W94: =V8 -> 2929.644 | X94: =W8 -> 3574.0568 | Y94: =T8 -> 1817.6925
B95: (-) Minimum cash required | C95: =-C109*C74 -> -15.48 | D95: =-D109*D74 -> -15.81 | E95: =-E109*E74 -> -76.62 | F95: =-F109*F74 -> -15.27 | G95: =-G109*G74 -> -14.67 | H95: =-H109*H74 -> -19.5 | I95: =-I109*I74 -> -14.01 | J95: =-J109*J74 -> -63.45 | ... Y95: =-Y109*Y74 -> -117.89136
B96: Cash available to service debt | C96: =SUM(C93:C95) -> 95.52 | D96: =SUM(D93:D95) -> 387.19 | E96: =SUM(E93:E95) -> 459.38 | F96: =SUM(F93:F95) -> 822.73 | G96: =SUM(G93:G95) -> 1273.33 | H96: =SUM(H93:H95) -> 954.5 | I96: =SUM(I93:I95) -> 589.99 | J96: =SUM(J93:J95) -> 1763.55 | ... Y96: =SUM(Y93:Y95) -> 3865.9609
B98: Long Term Debt
B99: Beginning balance | C99: =C39 -> 2823 | D99: =C103 -> 2815 | E99: =C99 -> 2823 | F99: =D103 -> 2796 | G99: =F103 -> 2614 | H99: =G103 -> 2614 | I99: =H103 -> 2614 | J99: =F99 -> 2796 | K99: =I103 -> 2971 | L99: =K103 -> 2958 | M99: =L103 -> 3023 | N99: =M103 -> 2929 | O99: =K99 -> 2971 | P99: =O103 -> 6755 | Q99: =P103 -> 6709.75 | R99: =Q103 -> 6664.5 | S99: =R103 -> 6619.25 | T99: =S103 -> 6574 | U99: =S103 -> 6574 | V99: =U103 -> 6528.75 | W99: =V103 -> 6483.5 | X99: =W103 -> 6438.25 | Y99: =X103 -> 6393
B100: (+) Issuance | C100: ='Cash Flow Statement'!C59 -> 289 | D100: ='Cash Flow Statement'!D59 -> -1 | E100: =SUM(C100,D100) -> 288 | F100: ='Cash Flow Statement'!F59 -> 0 | G100: ='Cash Flow Statement'!G59 -> 0 | H100: ='Cash Flow Statement'!H59 -> 0 | I100: ='Cash Flow Statement'!I59 -> 849 | J100: =SUM(F100,G100,H100,I100) -> 849 | K100: ='Cash Flow Statement'!K59 -> 0 | L100: ='Cash Flow Statement'!L59 -> 75 | M100: ='Cash Flow Statement'!M59 -> 0 | N100: ='Cash Flow Statement'!N59 -> 3890 | O100: =SUM(K100,L100,M100,N100) -> 3965 | P100: ='Cash Flow Statement'!P59 -> 0 | Q100: ='Cash Flow Statement'!Q59 -> 0 | R100: ='Cash Flow Statement'!R59 -> 0 | S100: ='Cash Flow Statement'!S59 -> 0 | T100: =SUM(P100:S100) -> 0 | U100: ='Cash Flow Statement'!U59 -> 0 | V100: ='Cash Flow Statement'!V59 -> 0 | W100: ='Cash Flow Statement'!W59 -> 0 | X100: ='Cash Flow Statement'!X59 -> 0 | Y100: =SUM(U100:X100) -> 0 | AA100: conservatism --> process learned in class
B101: (-) Mandatory repayments | C101: ='Cash Flow Statement'!C66 -> -297 | D101: ='Cash Flow Statement'!D66 -> -18 | E101: =SUM(C101,D101) -> -315 | F101: ='Cash Flow Statement'!F66 -> -182 | G101: ='Cash Flow Statement'!G66 -> 0 | H101: ='Cash Flow Statement'!H66 -> 0 | I101: ='Cash Flow Statement'!I66 -> -492 | J101: =SUM(F101,G101,H101,I101) -> -674 | K101: ='Cash Flow Statement'!K66 -> -13 | L101: ='Cash Flow Statement'!L66 -> -10 | M101: ='Cash Flow Statement'!M66 -> -94 | N101: ='Cash Flow Statement'!N66 -> -64 | O101: =SUM(K101,L101,M101,N101) -> -181 | P101: =AVERAGE(K101:N101) -> -45.25 | Q101: =AVERAGE(K101:N101) -> -45.25 | R101: =AVERAGE(K101:N101) -> -45.25 | S101: =AVERAGE(K101:N101) -> -45.25 | T101: =SUM(P101:S101) -> -181 | U101: =AVERAGE(K101:N101) -> -45.25 | V101: =AVERAGE(K101:N101) -> -45.25 | W101: =AVERAGE(K101:N101) -> -45.25 | X101: =AVERAGE(K101:N101) -> -45.25 | Y101: =SUM(U101:X101) -> -181 | AA101: made basically the average of last 4 quarters and flatlined
B102: (-) Optional repayments (sweep) | C102: 0 | D102: 0 | E102: =SUM(C102,D102) -> 0 | F102: 0 | G102: 0 | H102: 0 | I102: 0 | J102: =SUM(F102,G102,H102,I102) -> 0 | K102: 0 | L102: 0 | M102: 0 | N102: 0 | O102: =SUM(K102,L102,M102,N102) -> 0 | P102: 0 | Q102: 0 | R102: 0 | S102: 0 | T102: 0 | U102: 0 | V102: 0 | W102: 0 | X102: 0 | Y102: 0
B103: Ending balance | C103: =SUM(C99:C102) -> 2815 | D103: =SUM(D99:D102) -> 2796 | E103: =D103 -> 2796 | F103: =SUM(F99:F102) -> 2614 | G103: =SUM(G99:G102) -> 2614 | H103: =SUM(H99:H102) -> 2614 | I103: =SUM(I99:I102) -> 2971 | J103: =I103 -> 2971 | K103: =SUM(K99:K102) -> 2958 | L103: =SUM(L99:L102) -> 3023 | M103: =SUM(M99:M102) -> 2929 | N103: =SUM(N99:N102) -> 6755 | O103: =N103 -> 6755 | P103: =SUM(P99:P102) -> 6709.75 | Q103: =SUM(Q99:Q102) -> 6664.5 | R103: =SUM(R99:R102) -> 6619.25 | S103: =SUM(S99:S102) -> 6574 | T103: =SUM(T99:T102) -> 6393 | U103: =SUM(U99:U102) -> 6528.75 | V103: =SUM(V99:V102) -> 6483.5 | W103: =SUM(W99:W102) -> 6438.25 | ... Y103: =SUM(Y99:Y102) -> 6212
B105: Surplus cash / (Revolver draw) | C105: =C96+C100+C101+C102 -> 87.52 | D105: =D96+D100+D101+D102 -> 368.19 | E105: =D105 -> 368.19 | F105: =F96+F100+F101+F102 -> 640.73 | G105: =G96+G100+G101+G102 -> 1273.33 | H105: =H96+H100+H101+H102 -> 954.5 | I105: =I96+I100+I101+I102 -> 946.99 | J105: =I105 -> 946.99 | K105: =K96+K100+K101+K102 -> 354.3 | L105: =L96+L100+L101+L102 -> 111.1 | M105: =M96+M100+M101+M102 -> 450.64 | N105: =N96+N100+N101+N102 -> 733.53 | O105: =N105 -> 733.53 | P105: =P96+P100+P101+P102 -> 474.25729 | Q105: =Q96+Q100+Q101+Q102 -> 1032.4924 | R105: =R96+R100+R101+R102 -> 1281.4317 | S105: =S96+S100+S101+S102 -> 1745.5779 | T105: =S105 -> 1745.5779 | U105: =U96+U100+U101+U102 -> 2223.5067 | V105: =V96+V100+V101+V102 -> 2862.3151 | W105: =W96+W100+W101+W102 -> 3496.4569 | X105: =X96+X100+X101+X102 -> 3906.7402 | Y105: =X105 -> 3906.7402
B107: Average debt balance | C107: =AVERAGE(C99,C103) -> 2819 | D107: =AVERAGE(D99,D103) -> 2805.5 | E107: =AVERAGE(E99,E103) -> 2809.5 | F107: =AVERAGE(F99,F103) -> 2705 | G107: =AVERAGE(G99,G103) -> 2614 | H107: =AVERAGE(H99,H103) -> 2614 | I107: =AVERAGE(I99,I103) -> 2792.5 | J107: =AVERAGE(J99,J103) -> 2883.5 | ... O107: =AVERAGE(O99,O103) -> 4863 | P107: =P99 -> 6755 | Q107: =Q99 -> 6709.75 | R107: =R99 -> 6664.5 | S107: =S99 -> 6619.25 | T107: =T99 -> 6574 | U107: =U99 -> 6574 | V107: =V99 -> 6528.75 | W107: =W99 -> 6483.5 | ... Y107: =Y99 -> 6393
B108: Weighted avg interest rate | C108: =IFERROR(('Income Statement'!C29*4)/-C107,0) -> 0.096488116 | D108: =IFERROR(('Income Statement'!D29*4)/-D107,0) -> 0.10693281 | E108: =IFERROR('Income Statement'!E29/-E107,0) -> 0.12066204 | F108: =IFERROR(('Income Statement'!F29*4)/-F107,0) -> 0.087245841 | G108: =IFERROR(('Income Statement'!G29*4)/-G107,0) -> 0.094873757 | H108: =IFERROR(('Income Statement'!H29*4)/-H107,0) -> 0.10099464 | I108: =IFERROR(('Income Statement'!I29*4)/-I107,0) -> 0.07305282 | J108: =IFERROR('Income Statement'!J29/-J107,0) -> 0.082538582 | K108: =IFERROR(('Income Statement'!K29*4)/-K107,0) -> 0.099848204 | L108: =IFERROR(('Income Statement'!L29*4)/-L107,0) -> 0.082929276 | M108: =IFERROR(('Income Statement'!M29*4)/-M107,0) -> 0.090053763 | N108: =IFERROR(('Income Statement'!N29*4)/-N107,0) -> 0.081784387 | O108: =IFERROR('Income Statement'!O29/-O107,0) -> 0.062101583 | P108: =AVERAGE(K108:N108) -> 0.088653907 | Q108: =AVERAGE(K108:N108) -> 0.088653907 | R108: =AVERAGE(K108:N108) -> 0.088653907 | S108: =AVERAGE(K108:N108) -> 0.088653907 | T108: =AVERAGE(P108:S108) -> 0.088653907 | U108: =AVERAGE(K108:N108) -> 0.088653907 | V108: =AVERAGE(K108:N108) -> 0.088653907 | W108: =AVERAGE(K108:N108) -> 0.088653907 | X108: =AVERAGE(K108:N108) -> 0.088653907 | Y108: =AVERAGE(U108:X108) -> 0.088653907
B109: Minimum cash as % of sales | C109: 0.03 | D109: 0.03 | E109: 0.03 | F109: 0.03 | G109: 0.03 | H109: 0.03 | I109: 0.03 | J109: 0.03 | K109: 0.03 | L109: 0.03 | M109: 0.03 | N109: 0.03 | O109: 0.03 | P109: 0.03 | Q109: 0.03 | R109: 0.03 | S109: 0.03 | T109: 0.03 | U109: 0.03 | V109: 0.03 | W109: 0.03 | X109: 0.03 | Y109: 0.03 | AA109: searched up what is best minimum cash as % of revenue for TLN and sais somehwere between 2% and 4%, so I took the average of that
B111: Equity & Retained Earnings Schedule
B112: Retained Earnings Roll-forward
B113: Beginning balance | C113: =C52-'Income Statement'!C38 -> 28 | D113: =C116 -> -48 | E113: =C113 -> 28 | F113: =D116 -> 140 | G113: =F116 -> 459 | H113: =G116 -> 917 | I113: =H116 -> 1085 | J113: =F113 -> 140 | K113: =I116 -> 1153 | L113: =K116 -> 1018 | M113: =L116 -> 1090 | N113: =M116 -> 1297 | O113: =K113 -> 1153 | P113: =O52 -> -612 | Q113: =P116 -> -279.91825 | R113: =Q116 -> -47.480017 | S113: =R116 -> 300.72368 | T113: =P113 -> -612 | U113: =S116 -> 616.55596 | V113: =U116 -> 1087.7173 | W113: =V116 -> 1397.7611 | X113: =W116 -> 1875.8609 | Y113: =U113 -> 616.55596
B114: (+) Net Income | C114: ='Income Statement'!C38 -> -76 | D114: ='Income Statement'!D38 -> 188 | E114: =SUM(C114,D114) -> 112 | F114: ='Income Statement'!F38 -> 319 | G114: ='Income Statement'!G38 -> 458 | H114: ='Income Statement'!H38 -> 168 | I114: ='Income Statement'!I38 -> 68 | J114: =SUM(F114,G114,H114,I114) -> 1013 | K114: ='Income Statement'!K38 -> -135 | L114: ='Income Statement'!L38 -> 72 | M114: ='Income Statement'!M38 -> 207 | N114: ='Income Statement'!N38 -> -363 | O114: =SUM(K114,L114,M114,N114) -> -219 | P114: ='Income Statement'!P38 -> 332.08175 | Q114: ='Income Statement'!Q38 -> 232.43824 | R114: ='Income Statement'!R38 -> 348.2037 | S114: ='Income Statement'!S38 -> 315.83228 | T114: =SUM(P114,Q114,R114,S114) -> 1228.556 | U114: ='Income Statement'!U38 -> 471.16132 | V114: ='Income Statement'!V38 -> 310.04377 | W114: ='Income Statement'!W38 -> 478.09986 | X114: ='Income Statement'!X38 -> 469.64873 | Y114: =SUM(U114,V114,W114,X114) -> 1728.9537
B115: (-) Dividends | C115: 0 | D115: 0 | E115: =SUM(C115,D115) -> 0 | F115: 0 | G115: 0 | H115: 0 | I115: 0 | J115: =SUM(F115,G115,H115,I115) -> 0 | K115: 0 | L115: 0 | M115: 0 | N115: 0 | O115: =SUM(K115,L115,M115,N115) -> 0 | P115: 0 | Q115: 0 | R115: 0 | S115: 0 | T115: =SUM(P115,Q115,R115,S115) -> 0 | U115: 0 | V115: 0 | W115: 0 | X115: 0 | Y115: =SUM(U115,V115,W115,X115) -> 0 | AA115: conservatism --> process learned in class
B116: Ending Retained Earnings | C116: =SUM(C113:C115) -> -48 | D116: =SUM(D113:D115) -> 140 | E116: =D116 -> 140 | F116: =SUM(F113:F115) -> 459 | G116: =SUM(G113:G115) -> 917 | H116: =SUM(H113:H115) -> 1085 | I116: =SUM(I113:I115) -> 1153 | J116: =I116 -> 1153 | K116: =SUM(K113:K115) -> 1018 | L116: =SUM(L113:L115) -> 1090 | M116: =SUM(M113:M115) -> 1297 | N116: =SUM(N113:N115) -> 934 | O116: =N116 -> 934 | P116: =SUM(P113:P115) -> -279.91825 | Q116: =SUM(Q113:Q115) -> -47.480017 | R116: =SUM(R113:R115) -> 300.72368 | S116: =SUM(S113:S115) -> 616.55596 | T116: =S116 -> 616.55596 | U116: =SUM(U113:U115) -> 1087.7173 | V116: =SUM(V113:V115) -> 1397.7611 | W116: =SUM(W113:W115) -> 1875.8609 | X116: =SUM(X113:X115) -> 2345.5096 | Y116: =X116 -> 2345.5096
B118: APIC / Common Stock Roll-forward
B119: Beginning balance | C119: =C51-C120-C121 -> 2396 | D119: =C122 -> 2337 | E119: =C119 -> 2396 | F119: =D122 -> 2337 | G119: =F122 -> 2268 | H119: =G122 -> 1616 | I119: =H122 -> 1311 | J119: =F119 -> 2337 | K119: =I122 -> 206 | L119: =K122 -> 123 | M119: =L122 -> 103 | N119: =M122 -> 103 | O119: =K119 -> 206 | P119: =O51 -> 1709 | Q119: =P122 -> 1709 | R119: =Q122 -> 1709 | S119: =R122 -> 1709 | T119: =P119 -> 1709 | U119: =S122 -> 1709 | V119: =U122 -> 1709 | W119: =V122 -> 1709 | X119: =W122 -> 1709 | Y119: =U119 -> 1709
B120: (+) Stock-based compensation | C120: ='Cash Flow Statement'!C8 -> 0 | D120: ='Cash Flow Statement'!D8 -> 0 | E120: =SUM(C120,D120) -> 0 | F120: ='Cash Flow Statement'!F8 -> 0 | G120: ='Cash Flow Statement'!G8 -> 0 | H120: ='Cash Flow Statement'!H8 -> 0 | I120: ='Cash Flow Statement'!I8 -> 0 | J120: =SUM(F120,G120,H120,I120) -> 0 | K120: ='Cash Flow Statement'!K8 -> 0 | L120: ='Cash Flow Statement'!L8 -> 0 | M120: ='Cash Flow Statement'!M8 -> 0 | N120: ='Cash Flow Statement'!N8 -> 526 | O120: =SUM(K120,L120,M120,N120) -> 526 | P120: ='Cash Flow Statement'!P8 -> 0 | Q120: ='Cash Flow Statement'!Q8 -> 0 | R120: ='Cash Flow Statement'!R8 -> 0 | S120: ='Cash Flow Statement'!S8 -> 0 | T120: =SUM(P120,Q120,R120,S120) -> 0 | U120: ='Cash Flow Statement'!U8 -> 0 | V120: ='Cash Flow Statement'!V8 -> 0 | W120: ='Cash Flow Statement'!W8 -> 0 | X120: ='Cash Flow Statement'!X8 -> 0 | Y120: =SUM(U120,V120,W120,X120) -> 0
B121: (+) Stock issuance / (-) Repurchases | C121: ='Cash Flow Statement'!C51+'Cash Flow Statement'!C71 -> -59 | D121: ='Cash Flow Statement'!D51+'Cash Flow Statement'!D71 -> 0 | E121: =SUM(C121,D121) -> -59 | F121: ='Cash Flow Statement'!F51+'Cash Flow Statement'!F71 -> -69 | G121: ='Cash Flow Statement'!G51+'Cash Flow Statement'!G71 -> -652 | H121: ='Cash Flow Statement'!H51+'Cash Flow Statement'!H71 -> -305 | I121: ='Cash Flow Statement'!I51+'Cash Flow Statement'!I71 -> -1105 | J121: =SUM(F121,G121,H121,I121) -> -2131 | K121: ='Cash Flow Statement'!K51+'Cash Flow Statement'!K71 -> -83 | L121: ='Cash Flow Statement'!L51+'Cash Flow Statement'!L71 -> -20 | M121: ='Cash Flow Statement'!M51+'Cash Flow Statement'!M71 -> 0 | N121: ='Cash Flow Statement'!N51+'Cash Flow Statement'!N71 -> 0 | O121: =SUM(K121,L121,M121,N121) -> -103 | P121: ='Cash Flow Statement'!P51+'Cash Flow Statement'!P71 -> 0 | Q121: ='Cash Flow Statement'!Q51+'Cash Flow Statement'!Q71 -> 0 | R121: ='Cash Flow Statement'!R51+'Cash Flow Statement'!R71 -> 0 | S121: ='Cash Flow Statement'!S51+'Cash Flow Statement'!S71 -> 0 | T121: =SUM(P121,Q121,R121,S121) -> 0 | U121: ='Cash Flow Statement'!U51+'Cash Flow Statement'!U71 -> 0 | V121: ='Cash Flow Statement'!V51+'Cash Flow Statement'!V71 -> 0 | W121: ='Cash Flow Statement'!W51+'Cash Flow Statement'!W71 -> 0 | X121: ='Cash Flow Statement'!X51+'Cash Flow Statement'!X71 -> 0 | Y121: =SUM(U121,V121,W121,X121) -> 0
B122: Ending APIC | C122: =SUM(C119:C121) -> 2337 | D122: =SUM(D119:D121) -> 2337 | E122: =D122 -> 2337 | F122: =SUM(F119:F121) -> 2268 | G122: =SUM(G119:G121) -> 1616 | H122: =SUM(H119:H121) -> 1311 | I122: =SUM(I119:I121) -> 206 | J122: =I122 -> 206 | K122: =SUM(K119:K121) -> 123 | L122: =SUM(L119:L121) -> 103 | M122: =SUM(M119:M121) -> 103 | N122: =SUM(N119:N121) -> 629 | O122: =N122 -> 629 | P122: =SUM(P119:P121) -> 1709 | Q122: =SUM(Q119:Q121) -> 1709 | R122: =SUM(R119:R121) -> 1709 | S122: =SUM(S119:S121) -> 1709 | T122: =S122 -> 1709 | U122: =SUM(U119:U121) -> 1709 | V122: =SUM(V119:V121) -> 1709 | W122: =SUM(W119:W121) -> 1709 | X122: =SUM(X119:X121) -> 1709 | Y122: =X122 -> 1709

Sheet Cash Flow Statement
B2: Talen Energy Corp. (TLN)
B3: Cash Flow Statement ($mm unless noted otherwise) | C3: 45170 | D3: 45261 | E3: 45261 | F3: 45352 | G3: 45444 | H3: 45536 | I3: 45627 | J3: 45627 | K3: 45717 | L3: 45809 | M3: 45901 | N3: 45992 | O3: 45992 | P3: 46082 | Q3: 46174 | R3: 46266 | S3: 46357 | T3: 46357 | U3: 46447 | V3: 46539 | W3: 46631 | X3: 46722 | Y3: 46722
C4: Q3-2023 | D4: Q4-2023 | E4: FY2023A | F4: Q1-2024 | G4: Q2-2024 | H4: Q3-2024 | I4: Q4-2024 | J4: FY2024A | K4: Q1-2025 | L4: Q2-2025 | M4: Q3-2025 | N4: Q4-2025 | O4: FY2025A | P4: Q1-2026 | Q4: Q2-2026 | R4: Q3-2026 | S4: Q4-2026 | T4: FY2026A | U4: Q1-2027 | V4: Q2-2027 | W4: Q3-2027 | X4: Q4-2027 | Y4: FY2027A
B7: Net Income | C7: ='Income Statement'!C38 -> -76 | D7: ='Income Statement'!D38 -> 188 | E7: ='Income Statement'!E38 -> 608 | F7: ='Income Statement'!F38 -> 319 | G7: ='Income Statement'!G38 -> 458 | H7: ='Income Statement'!H38 -> 168 | I7: ='Income Statement'!I38 -> 68 | J7: ='Income Statement'!J38 -> 1013 | ... Y7: ='Income Statement'!Y38 -> 1728.9537
B8: Stock-based compensation | C8: 0 | D8: 0 | E8: 0 | F8: 0 | G8: 0 | H8: 0 | I8: 0 | J8: 0 | K8: 0 | L8: 0 | M8: 0 | N8: 526 | O8: 526 | P8: 0 | Q8: 0 | R8: 0 | S8: 0 | T8: =SUM(P8:S8) -> 0 | U8: 0 | V8: 0 | W8: 0 | X8: 0 | Y8: =SUM(U8:X8) -> 0
B9: (Gain) loss on sales of assets, net | C9: 0 | D9: 0 | E9: 0 | F9: 0 | G9: 0 | H9: 0 | I9: 0 | J9: 0 | K9: 0 | L9: 0 | M9: 0 | N9: -36 | O9: -36 | P9: 0 | Q9: 0 | R9: 0 | S9: 0 | T9: =SUM(P9:S9) -> 0 | U9: 0 | V9: 0 | W9: 0 | X9: 0 | Y9: =SUM(U9:X9) -> 0
B10: (Gain) loss on Cumulus Data Center Campus sale and ERCOT sale | C10: 0 | D10: 0 | E10: 0 | F10: -324 | G10: -562 | H10: 0 | I10: 0 | J10: -886 | K10: 0 | L10: 0 | M10: -36 | N10: 36 | O10: 0 | P10: 0 | Q10: 0 | R10: 0 | S10: 0 | T10: =SUM(P10:S10) -> 0 | U10: 0 | V10: 0 | W10: 0 | X10: 0 | Y10: =SUM(U10:X10) -> 0
B11: (Gain) loss on sales of assets, net | C11: =SUM(C9:C10) -> 0 | D11: =SUM(D9:D10) -> 0 | E11: =SUM(E9:E10) -> 0 | F11: =SUM(F9:F10) -> -324 | G11: =SUM(G9:G10) -> -562 | H11: =SUM(H9:H10) -> 0 | I11: =SUM(I9:I10) -> 0 | J11: =SUM(J9:J10) -> -886 | ... Y11: =SUM(Y9:Y10) -> 0
B12: Depreciation Expense, mm | C12: 53 | D12: 57 | E12: 305 | F12: 60 | G12: 56 | H12: 56 | I12: 53 | J12: 225 | K12: 55 | L12: 52 | M12: 46 | N12: 58 | O12: =SUM(K12:N12) -> 211 | P12: ='Balance Sheet'!P65 -> -68.087076 | Q12: ='Balance Sheet'!Q65 -> -49.322185 | R12: ='Balance Sheet'!R65 -> -69.945416 | S12: ='Balance Sheet'!S65 -> -68.008202 | T12: =SUM(P12:S12) -> -255.36288 | U12: ='Balance Sheet'!U65 -> -79.997187 | V12: ='Balance Sheet'!V65 -> -55.893293 | W12: ='Balance Sheet'!W65 -> -81.894529 | X12: ='Balance Sheet'!X65 -> -80.659428 | Y12: =SUM(U12:X12) -> -298.44444
B13: Amortization Expense, mm | C13: 0 | D13: 0 | E13: 5 | F13: 2 | G13: 4 | H13: 5 | I13: 5 | J13: 16 | K13: 5 | L13: 3 | M13: 1 | N13: 1 | O13: 10 | P13: =AVERAGE(K13:N13) -> 2.5 | Q13: =AVERAGE(L13:O13) -> 3.75 | R13: =AVERAGE(M13:P13) -> 3.625 | S13: =AVERAGE(N13:Q13) -> 4.3125 | T13: =SUM(P13:S13) -> 14.1875 | U13: =AVERAGE(P13:S13) -> 3.546875 | V13: =AVERAGE(Q13:T13) -> 6.46875 | W13: =AVERAGE(R13:U13) -> 6.4179688 | X13: =AVERAGE(S13:V13) -> 7.1289062 | Y13: =SUM(U13:X13) -> 23.5625
B14: Accretion Expense, mm | C14: 13 | D14: 14 | E14: 55 | F14: 13 | G14: 15 | H14: 14 | I14: 15 | J14: 57 | K14: 14 | L14: 15 | M14: 14 | N14: 15 | O14: 58 | P14: =AVERAGE(K14:N14) -> 14.5 | Q14: =AVERAGE(L14:O14) -> 25.5 | R14: =AVERAGE(M14:P14) -> 25.375 | S14: =AVERAGE(N14:Q14) -> 28.25 | T14: =SUM(P14:S14) -> 93.625 | U14: =AVERAGE(P14:S14) -> 23.40625 | V14: =AVERAGE(Q14:T14) -> 43.1875 | W14: =AVERAGE(R14:U14) -> 42.664062 | X14: =AVERAGE(S14:V14) -> 47.117188 | Y14: =SUM(U14:X14) -> 156.375
B15: Depreciation, amortization and accretion | C15: 62 | D15: 68 | E15: 365 | F15: 74 | G15: 70 | H15: 72 | I15: 69 | J15: 285 | K15: 72 | L15: 69 | M15: 67 | N15: 71 | O15: 279 | P15: =-P12+P13+P14 -> 85.087076 | Q15: =-Q12+Q13+Q14 -> 78.572185 | R15: =-R12+R13+R14 -> 98.945416 | S15: =-S12+S13+S14 -> 100.5707 | T15: =-T12+T13+T14 -> 363.17538 | U15: =-U12+U13+U14 -> 106.95031 | V15: =-V12+V13+V14 -> 105.54954 | W15: =-W12+W13+W14 -> 130.97656 | ... Y15: =-Y12+Y13+Y14 -> 478.38194
B16: Nuclear fuel amortization | C16: 46 | D16: 37 | E16: 141 | F16: 35 | G16: 28 | H16: 30 | I16: 30 | J16: 123 | K16: 26 | L16: 18 | M16: 27 | N16: 26 | O16: 97 | P16: =AVERAGE(K16:N16) -> 24.25 | Q16: =AVERAGE(L16:O16) -> 42 | R16: =AVERAGE(M16:P16) -> 43.5625 | S16: =AVERAGE(N16:Q16) -> 47.3125 | T16: =SUM(P16:S16) -> 157.125 | U16: =AVERAGE(P16:S16) -> 39.28125 | V16: =AVERAGE(Q16:T16) -> 72.5 | W16: =AVERAGE(R16:U16) -> 71.820312 | X16: =AVERAGE(S16:V16) -> 79.054688 | Y16: =SUM(U16:X16) -> 262.65625
B17: Unrealized (gains) losses on derivative instruments | C17: 88 | D17: -89 | E17: 25 | F17: 128 | G17: -92 | H17: -95 | I17: -10 | J17: -69 | K17: 196 | L17: -93 | M17: -35 | N17: 53 | O17: 121 | P17: 0 | Q17: 0 | R17: 0 | S17: 0 | T17: =SUM(P17:S17) -> 0 | U17: 0 | V17: 0 | W17: 0 | X17: 0 | Y17: =SUM(U17:X17) -> 0
B18: Impairments | C18: 0 | D18: 3 | E18: 384 | F18: 0 | G18: 0 | H18: 0 | I18: 1 | J18: 1 | K18: 0 | L18: 0 | M18: 0 | N18: 0 | O18: 0 | P18: 0 | Q18: 0 | R18: 0 | S18: 0 | T18: =SUM(P18:S18) -> 0 | U18: 0 | V18: 0 | W18: 0 | X18: 0 | Y18: =SUM(U18:X18) -> 0
B19: Nuclear decommissioning trust funds (gain) loss, net (excluding interest and fees) | C19: 34 | D19: -79 | E19: -121 | F19: -64 | G19: -16 | H19: -55 | I19: 5 | J19: -130 | K19: 23 | L19: -67 | M19: -68 | N19: -20 | O19: -132 | P19: 0 | Q19: 0 | R19: 0 | S19: 0 | T19: =SUM(P19:S19) -> 0 | U19: 0 | V19: 0 | W19: 0 | X19: 0 | Y19: =SUM(U19:X19) -> 0
B20: Deferred income taxes | C20: -20 | D20: 59 | E20: 250 | F20: 57 | G20: 37 | H20: -55 | I20: -85 | J20: -46 | K20: -70 | L20: 4 | M20: 110 | N20: 76 | O20: 120 | P20: =AVERAGE(K20:N20) -> 30 | Q20: =AVERAGE(L20:O20) -> 77.5 | R20: =AVERAGE(M20:P20) -> 84 | S20: =AVERAGE(N20:Q20) -> 75.875 | T20: =SUM(P20:S20) -> 267.375 | U20: =AVERAGE(P20:S20) -> 66.84375 | V20: =AVERAGE(Q20:T20) -> 126.1875 | W20: =AVERAGE(R20:U20) -> 123.52344 | X20: =AVERAGE(S20:V20) -> 134.07031 | Y20: =SUM(U20:X20) -> 450.625
B21: Reorganization (income) expense, net | C21: 0 | D21: 0 | E21: -933 | F21: 0 | G21: 0 | H21: 0 | I21: 0 | J21: 0 | K21: 0 | L21: 0 | M21: 0 | N21: 0 | O21: 0 | P21: 0 | Q21: 0 | R21: 0 | S21: 0 | T21: =SUM(P21:S21) -> 0 | U21: 0 | V21: 0 | W21: 0 | X21: 0 | Y21: =SUM(U21:X21) -> 0
B22: Other | C22: 6 | D22: -23 | E22: -43 | F22: -42 | G22: -16 | H22: 0 | I22: 32 | J22: -26 | K22: 37 | L22: -3 | M22: 46 | N22: -29 | O22: 51 | P22: 0 | Q22: 0 | R22: 0 | S22: 0 | T22: =SUM(P22:S22) -> 0 | U22: 0 | V22: 0 | W22: 0 | X22: 0 | Y22: =SUM(U22:X22) -> 0
B23: Other Non-Cash Adjustments | C23: =SUM(C17:C22) -> 108 | D23: =SUM(D17:D22) -> -129 | E23: =SUM(E17:E22) -> -438 | F23: =SUM(F17:F22) -> 79 | G23: =SUM(G17:G22) -> -87 | H23: =SUM(H17:H22) -> -205 | I23: =SUM(I17:I22) -> -57 | J23: =SUM(J17:J22) -> -270 | ... Y23: =SUM(Y17:Y22) -> 450.625
B24: CFO before WC | C24: 140 | D24: 164 | E24: 676 | F24: 183 | G24: -93 | H24: 65 | I24: 110 | J24: 265 | K24: 149 | L24: 0 | M24: 318 | N24: 340 | O24: 807 | P24: =P7+P8+P11+P15+P16+P23 -> 471.41882 | Q24: =Q7+Q8+Q11+Q15+Q16+Q23 -> 430.51042 | R24: =R7+R8+R11+R15+R16+R23 -> 574.71162 | S24: =S7+S8+S11+S15+S16+S23 -> 539.59048 | T24: =T7+T8+T11+T15+T16+T23 -> 2016.2313 | U24: =U7+U8+U11+U15+U16+U23 -> 684.23664 | V24: =V7+V8+V11+V15+V16+V23 -> 614.28082 | W24: =W7+W8+W11+W15+W16+W23 -> 804.42017 | ... Y24: =Y7+Y8+Y11+Y15+Y16+Y23 -> 2920.6169
B26: Accounts receivable, net | C26: -18 | D26: 31 | E26: 269 | F26: 11 | G26: -25 | H26: 55 | I26: -27 | J26: 14 | K26: 23 | L26: -126 | M26: 46 | N26: 13 | O26: -44 | P26: =-('Balance Sheet'!P10-'Balance Sheet'!O10) -> -50.207349 | Q26: =-('Balance Sheet'!Q10-'Balance Sheet'!P10) -> 67.855083 | R26: =-('Balance Sheet'!R10-'Balance Sheet'!Q10) -> -74.57496 | S26: =-('Balance Sheet'!S10-'Balance Sheet'!R10) -> 7.0050931 | T26: =SUM(P26:S26) -> -49.922134 | U26: =-('Balance Sheet'!U10-'Balance Sheet'!S10) -> -43.352961 | V26: =-('Balance Sheet'!V10-'Balance Sheet'!T10) -> 43.808307 | W26: =-('Balance Sheet'!W10-'Balance Sheet'!U10) -> -6.8609106 | X26: =-('Balance Sheet'!X10-'Balance Sheet'!V10) -> -89.555973 | Y26: =SUM(U26:X26) -> -95.961537
B27: Inventory, net | C27: 20 | D27: -77 | E27: -58 | F27: 89 | G27: 1 | H27: -17 | I27: -6 | J27: 67 | K27: 83 | L27: -5 | M27: -43 | N27: -6 | O27: 29 | P27: =-('Balance Sheet'!P11-'Balance Sheet'!O11) -> -549.07248 | Q27: =-('Balance Sheet'!Q11-'Balance Sheet'!P11) -> 227.94231 | R27: =-('Balance Sheet'!R11-'Balance Sheet'!Q11) -> -250.51607 | S27: =-('Balance Sheet'!S11-'Balance Sheet'!R11) -> 23.531872 | T27: =SUM(P27:S27) -> -548.11437 | U27: =-('Balance Sheet'!U11-'Balance Sheet'!S11) -> -145.63351 | V27: =-('Balance Sheet'!V11-'Balance Sheet'!T11) -> 147.16314 | W27: =-('Balance Sheet'!W11-'Balance Sheet'!U11) -> -23.047526 | X27: =-('Balance Sheet'!X11-'Balance Sheet'!V11) -> -300.84106 | Y27: =SUM(U27:X27) -> -322.35897
B28: Accounts payable and accrued liabilities | C28: 0 | D28: 35 | E28: -123 | F28: -154 | G28: 40 | H28: -1 | I28: 46 | J28: -69 | K28: -60 | L28: 3 | M28: -34 | N28: 43 | O28: -48 | P28: ='Balance Sheet'!P32-'Balance Sheet'!O32 -> 53.148628 | Q28: ='Balance Sheet'!Q32-'Balance Sheet'!P32 -> -92.09182 | R28: ='Balance Sheet'!R32-'Balance Sheet'!Q32 -> 101.21193 | S28: ='Balance Sheet'!S32-'Balance Sheet'!R32 -> -9.507199 | T28: =SUM(P28:S28) -> 52.761538 | U28: ='Balance Sheet'!U32-'Balance Sheet'!S32 -> 58.837937 | V28: ='Balance Sheet'!V32-'Balance Sheet'!T32 -> -59.455925 | W28: ='Balance Sheet'!W32-'Balance Sheet'!U32 -> 9.3115167 | X28: ='Balance Sheet'!X32-'Balance Sheet'!V32 -> 121.54392 | Y28: =SUM(U28:X28) -> 130.23744
B29: Other assets | C29: 25 | D29: 105 | E29: 250 | F29: -1 | G29: 35 | H29: -6 | I29: -89 | J29: -61 | K29: 22 | L29: -7 | M29: 187 | N29: -20 | O29: 182 | P29: =-('Balance Sheet'!P13-'Balance Sheet'!O13) -> -129.13646 | Q29: =-('Balance Sheet'!Q13-'Balance Sheet'!P13) -> 54.055477 | R29: =-('Balance Sheet'!R13-'Balance Sheet'!Q13) -> -59.408741 | S29: =-('Balance Sheet'!S13-'Balance Sheet'!R13) -> 5.5804758 | T29: =SUM(P29:S29) -> -128.90925 | U29: =-('Balance Sheet'!U13-'Balance Sheet'!S13) -> -14.760389 | V29: =-('Balance Sheet'!V13-'Balance Sheet'!T13) -> 48.716325 | W29: =-('Balance Sheet'!W13-'Balance Sheet'!U13) -> -4.9965778 | X29: =-('Balance Sheet'!X13-'Balance Sheet'!V13) -> -65.2207 | Y29: =SUM(U29:X29) -> -36.261342
B30: Collateral received (posted), net | C30: 0 | D30: 0 | E30: 0 | F30: 0 | G30: 0 | H30: 0 | I30: 0 | J30: 0 | K30: -67 | L30: 9 | M30: 51 | N30: -26 | O30: -33 | P30: 0 | Q30: 0 | R30: 0 | S30: 0 | T30: =SUM(P30:S30) -> 0 | U30: 0 | V30: 0 | W30: 0 | X30: 0 | Y30: =SUM(U30:X30) -> 0
B31: Accrued interest | C31: 40 | D31: -37 | E31: -96 | F31: 29 | G31: -30 | H31: 23 | I31: -37 | J31: -15 | K31: 36 | L31: -24 | M31: 24 | N31: 6 | O31: 42 | P31: 0 | Q31: 0 | R31: 0 | S31: 0 | T31: =SUM(P31:S31) -> 0 | U31: 0 | V31: 0 | W31: 0 | X31: 0 | Y31: =SUM(U31:X31) -> 0
B32: Other liabilities | C32: -26 | D32: 1 | E32: -54 | F32: 16 | G32: 49 | H32: -23 | I32: 13 | J32: 55 | K32: -67 | L32: -34 | M32: -60 | N32: -70 | O32: -231 | P32: ='Balance Sheet'!P35-'Balance Sheet'!O35 -> 128.96991 | Q32: ='Balance Sheet'!Q35-'Balance Sheet'!P35 -> -57.041191 | R32: ='Balance Sheet'!R35-'Balance Sheet'!Q35 -> 62.690138 | S32: ='Balance Sheet'!S35-'Balance Sheet'!R35 -> -5.8887092 | T32: =SUM(P32:S32) -> 128.73015 | U32: ='Balance Sheet'!U35-'Balance Sheet'!S35 -> 36.44391 | V32: ='Balance Sheet'!V35-'Balance Sheet'!T35 -> -36.826689 | W32: ='Balance Sheet'!W35-'Balance Sheet'!U35 -> 5.7675047 | X32: ='Balance Sheet'!X35-'Balance Sheet'!V35 -> 75.283665 | Y32: =SUM(U32:X32) -> 80.668391
B33: Other Working Capital Changes | C33: =SUM(C29:C32) -> 39 | D33: =SUM(D29:D32) -> 69 | E33: =SUM(E29:E32) -> 100 | F33: =SUM(F29:F32) -> 44 | G33: =SUM(G29:G32) -> 54 | H33: =SUM(H29:H32) -> -6 | I33: =SUM(I29:I32) -> -113 | J33: =SUM(J29:J32) -> -21 | ... Y33: =SUM(Y29:Y32) -> 44.407049
B34: Net CFO | C34: 181 | D34: 222 | E34: 864 | F34: 173 | G34: -23 | H34: 96 | I34: 10 | J34: 256 | K34: 119 | L34: -184 | M34: 489 | N34: 280 | O34: 704 | P34: =P24+P26+P27+P28+P33 -> -74.878929 | Q34: =Q24+Q26+Q27+Q28+Q33 -> 631.23028 | R34: =R24+R26+R27+R28+R33 -> 354.11391 | S34: =S24+S26+S27+S28+S33 -> 560.31201 | T34: =T24+T26+T27+T28+T33 -> 1470.7773 | U34: =U24+U26+U27+U28+U33 -> 575.77162 | V34: =V24+V26+V27+V28+V33 -> 757.68597 | W34: =W24+W26+W27+W28+W33 -> 784.59417 | ... Y34: =Y24+Y26+Y27+Y28+Y33 -> 2676.9409
B36: Capex of PPE and Intangibles, mm | C36: 40 | D36: 56 | E36: 254 | F36: 25 | G36: 20 | H36: 13 | I36: 27 | J36: 85 | K36: 18 | L36: 33 | M36: 21 | N36: 26 | O36: 98 | P36: ='Balance Sheet'!P64 -> 31.968063 | Q36: ='Balance Sheet'!Q64 -> 23.157621 | R36: ='Balance Sheet'!R64 -> 32.840586 | S36: ='Balance Sheet'!S64 -> 31.93103 | T36: =SUM(P36:S36) -> 119.8973 | U36: ='Balance Sheet'!U64 -> 37.560067 | V36: ='Balance Sheet'!V64 -> 26.24287 | W36: ='Balance Sheet'!W64 -> 38.450901 | X36: ='Balance Sheet'!X64 -> 37.871 | Y36: =SUM(U36:X36) -> 140.12484
B37: Percentage of PPE & Intangibles capex allocated to intangible assets, % | C37: 0.1 | D37: 0.1 | E37: 0.1 | F37: 0.1 | G37: 0.1 | H37: 0.1 | I37: 0.1 | J37: 0.1 | K37: 0.1 | L37: 0.1 | M37: 0.1 | N37: 0.1 | O37: 0.1 | P37: =AVERAGE(K37:N37) -> 0.1 | Q37: =AVERAGE(L37:O37) -> 0.1 | R37: =AVERAGE(M37:P37) -> 0.1 | S37: =AVERAGE(N37:Q37) -> 0.1 | T37: =AVERAGE(P37:S37) -> 0.1 | U37: =AVERAGE(P37:S37) -> 0.1 | V37: =AVERAGE(Q37:T37) -> 0.1 | W37: =AVERAGE(R37:U37) -> 0.1 | X37: =AVERAGE(S37:V37) -> 0.1 | Y37: =AVERAGE(U37:X37) -> 0.1
B38: Property, plant and equipment expenditures | C38: -40 | D38: -56 | E38: -254 | F38: -25 | G38: -20 | H38: -13 | I38: -27 | J38: -85 | K38: -18 | L38: -33 | M38: -21 | N38: -26 | O38: -98 | P38: =-P36 -> -31.968063 | Q38: =-Q36 -> -23.157621 | R38: =-R36 -> -32.840586 | S38: =-S36 -> -31.93103 | T38: =SUM(P38:S38) -> -119.8973 | U38: =-U36 -> -37.560067 | V38: =-V36 -> -26.24287 | W38: =-W36 -> -38.450901 | X38: =-X36 -> -37.871 | Y38: =SUM(U38:X38) -> -140.12484
B39: Nuclear fuel expenditures | C39: -29 | D39: -2 | E39: -94 | F39: -41 | G39: -3 | H39: -45 | I39: -15 | J39: -104 | K39: -46 | L39: -4 | M39: -44 | N39: -14 | O39: -108 | P39: =AVERAGE(K39:N39) -> -27 | Q39: =AVERAGE(L39:O39) -> -42.5 | R39: =AVERAGE(M39:P39) -> -48.25 | S39: =AVERAGE(N39:Q39) -> -47.875 | T39: =SUM(P39:S39) -> -165.625 | U39: =AVERAGE(P39:S39) -> -41.40625 | V39: =AVERAGE(Q39:T39) -> -76.0625 | W39: =AVERAGE(R39:U39) -> -75.789062 | X39: =AVERAGE(S39:V39) -> -82.742188 | Y39: =SUM(U39:X39) -> -276
B40: Nuclear decommissioning trust funds investment sale proceeds | C40: 495 | D40: 497 | E40: 2214 | F40: 553 | G40: 542 | H40: 551 | I40: 617 | J40: 2263 | K40: 581 | L40: 605 | M40: 641 | N40: 100 | O40: 1927 | P40: =AVERAGE(K40:N40) -> 481.75 | Q40: =AVERAGE(L40:O40) -> 818.25 | R40: =AVERAGE(M40:P40) -> 787.4375 | S40: =AVERAGE(N40:Q40) -> 831.75 | T40: =SUM(P40:S40) -> 2919.1875 | U40: =AVERAGE(P40:S40) -> 729.79688 | V40: =AVERAGE(Q40:T40) -> 1339.1562 | W40: =AVERAGE(R40:U40) -> 1317.043 | X40: =AVERAGE(S40:V40) -> 1454.9727 | Y40: =SUM(U40:X40) -> 4840.9688
B41: Nuclear decommissioning trust funds investment purchases | C41: -501 | D41: -510 | E41: -2249 | F41: -564 | G41: -546 | H41: -560 | I41: -625 | J41: -2295 | K41: -592 | L41: -609 | M41: -651 | N41: -110 | O41: -1962 | P41: =AVERAGE(K41:N41) -> -490.5 | Q41: =AVERAGE(L41:O41) -> -833 | R41: =AVERAGE(M41:P41) -> -803.375 | S41: =AVERAGE(N41:Q41) -> -848.875 | T41: =SUM(P41:S41) -> -2975.75 | U41: =AVERAGE(P41:S41) -> -743.9375 | V41: =AVERAGE(Q41:T41) -> -1365.25 | W41: =AVERAGE(R41:U41) -> -1342.9844 | X41: =AVERAGE(S41:V41) -> -1483.4531 | Y41: =SUM(U41:X41) -> -4935.625
B42: Nuclear Decommissioning, Net | C42: =SUM(C40:C41) -> -6 | D42: =SUM(D40:D41) -> -13 | E42: =SUM(E40:E41) -> -35 | F42: =SUM(F40:F41) -> -11 | G42: =SUM(G40:G41) -> -4 | H42: =SUM(H40:H41) -> -9 | I42: =SUM(I40:I41) -> -8 | J42: =SUM(J40:J41) -> -32 | ... Y42: =SUM(Y40:Y41) -> -94.65625
B43: Proceeds from the sale of assets | C43: 0 | D43: 0 | E43: 0 | F43: 0 | G43: 0 | H43: 0 | I43: 0 | J43: 0 | K43: 0 | L43: 0 | M43: 40 | N43: 0 | O43: 40 | P43: 0 | Q43: 0 | R43: 0 | S43: 0 | T43: =SUM(P43:S43) -> 0 | U43: 0 | V43: 0 | W43: 0 | X43: 0 | Y43: =SUM(U43:X43) -> 0
B44: Proceeds from Cumulus Data Center Campus Sale and ERCOT sale | C44: 0 | D44: 0 | E44: 0 | F44: 339 | G44: 750 | H44: 309 | I44: 0 | J44: 1398 | K44: 0 | L44: 0 | M44: 0 | N44: 0 | O44: 0 | P44: 0 | Q44: 0 | R44: 0 | S44: 0 | T44: =SUM(P44:S44) -> 0 | U44: 0 | V44: 0 | W44: 0 | X44: 0 | Y44: =SUM(U44:X44) -> 0
B45: Equity investments in affiliates | C45: -3 | D45: -2 | E45: -13 | F45: 0 | G45: -5 | H45: -1 | I45: -4 | J45: -10 | K45: 0 | L45: 0 | M45: 0 | N45: -3793 | O45: -3793 | P45: 0 | Q45: 0 | R45: 0 | S45: 0 | T45: =SUM(P45:S45) -> 0 | U45: 0 | V45: 0 | W45: 0 | X45: 0 | Y45: =SUM(U45:X45) -> 0
B46: Proceeds from the sale of non-core assets | C46: 0 | D46: 8 | E46: 54 | F46: 1 | G46: 0 | H46: 0 | I46: 1 | J46: 2 | K46: 0 | L46: 0 | M46: 0 | N46: 0 | O46: 0 | P46: 0 | Q46: 0 | R46: 0 | S46: 0 | T46: =SUM(P46:S46) -> 0 | U46: 0 | V46: 0 | W46: 0 | X46: 0 | Y46: =SUM(U46:X46) -> 0
B47: Other investing activities | C47: 8 | D47: 2 | E47: 14 | F47: 2 | G47: -4 | H47: 5 | I47: -1 | J47: 2 | K47: 7 | L47: -5 | M47: -7 | N47: -4 | O47: -9 | P47: 0 | Q47: 0 | R47: 0 | S47: 0 | T47: =SUM(P47:S47) -> 0 | U47: 0 | V47: 0 | W47: 0 | X47: 0 | Y47: =SUM(U47:X47) -> 0
B48: Other investing activities | C48: =SUM(C43:C47) -> 5 | D48: =SUM(D43:D47) -> 8 | E48: =SUM(E43:E47) -> 55 | F48: =SUM(F43:F47) -> 342 | G48: =SUM(G43:G47) -> 741 | H48: =SUM(H43:H47) -> 313 | I48: =SUM(I43:I47) -> -4 | J48: =SUM(J43:J47) -> 1392 | ... Y48: =SUM(Y43:Y47) -> 0
B49: Net CFI | C49: -70 | D49: -63 | E49: -328 | F49: 265 | G49: 714 | H49: 246 | I49: -54 | J49: 1171 | K49: -68 | L49: -46 | M49: -42 | N49: -3847 | O49: -4003 | P49: =P38+P39+P42+P48 -> -67.718063 | Q49: =Q38+Q39+Q42+Q48 -> -80.407621 | R49: =R38+R39+R42+R48 -> -97.028086 | S49: =S38+S39+S42+S48 -> -96.93103 | T49: =T38+T39+T42+T48 -> -342.0848 | U49: =U38+U39+U42+U48 -> -93.106942 | V49: =V38+V39+V42+V48 -> -128.39912 | W49: =W38+W39+W42+W48 -> -140.18137 | ... Y49: =Y38+Y39+Y42+Y48 -> -510.78109
B51: Contribution from member | C51: 0 | D51: 0 | E51: 1393 | F51: 0 | G51: 0 | H51: 0 | I51: 0 | J51: 0 | K51: 0 | L51: 0 | M51: 0 | N51: 0 | O51: 0 | P51: 0 | Q51: 0 | R51: 0 | S51: 0 | T51: =SUM(P51:S51) -> 0 | U51: 0 | V51: 0 | W51: 0 | X51: 0 | Y51: =SUM(U51:X51) -> 0
B52: Exit Financings proceeds, net of discount | C52: 0 | D52: 0 | E52: 2219 | F52: 0 | G52: 0 | H52: 0 | I52: 0 | J52: 0 | K52: 0 | L52: 0 | M52: 0 | N52: 0 | O52: 0 | P52: 0 | Q52: 0 | R52: 0 | S52: 0 | T52: =SUM(P52:S52) -> 0 | U52: 0 | V52: 0 | W52: 0 | X52: 0 | Y52: =SUM(U52:X52) -> 0
B53: Repayment of Prepetition Secured Indebtedness | C53: 0 | D53: 0 | E53: -3898 | F53: 0 | G53: 0 | H53: 0 | I53: 0 | J53: 0 | K53: 0 | L53: 0 | M53: 0 | N53: 0 | O53: 0 | P53: 0 | Q53: 0 | R53: 0 | S53: 0 | T53: =SUM(P53:S53) -> 0 | U53: 0 | V53: 0 | W53: 0 | X53: 0 | Y53: =SUM(U53:X53) -> 0
B54: Payment of make-whole premiums on Prepetition Secured Indebtedness | C54: 0 | D54: 0 | E54: -152 | F54: 0 | G54: 0 | H54: 0 | I54: 0 | J54: 0 | K54: 0 | L54: 0 | M54: 0 | N54: 0 | O54: 0 | P54: 0 | Q54: 0 | R54: 0 | S54: 0 | T54: =SUM(P54:S54) -> 0 | U54: 0 | V54: 0 | W54: 0 | X54: 0 | Y54: =SUM(U54:X54) -> 0
B55: Bankruptcy emergence / one-time (never repeat) | C55: =SUM(C51:C54) -> 0 | D55: =SUM(D51:D54) -> 0 | E55: =SUM(E51:E54) -> -438 | F55: =SUM(F51:F54) -> 0 | G55: =SUM(G51:G54) -> 0 | H55: =SUM(H51:H54) -> 0 | I55: =SUM(I51:I54) -> 0 | J55: =SUM(J51:J54) -> 0 | ... Y55: =SUM(Y51:Y54) -> 0
B56: Talen Energy Supply long-term debt issuance proceeds | C56: 0 | D56: 0 | E56: 0 | F56: 0 | G56: 0 | H56: 0 | I56: 849 | J56: 849 | K56: 0 | L56: 0 | M56: 0 | N56: 3890 | O56: 3890 | P56: 0 | Q56: 0 | R56: 0 | S56: 0 | T56: =SUM(P56:S56) -> 0 | U56: 0 | V56: 0 | W56: 0 | X56: 0 | Y56: =SUM(U56:X56) -> 0
B57: TLB proceeds, net | C57: 289 | D57: -1 | E57: 288 | F57: 0 | G57: 0 | H57: 0 | I57: 0 | J57: 0 | K57: 0 | L57: 0 | M57: 0 | N57: 0 | O57: 0 | P57: 0 | Q57: 0 | R57: 0 | S57: 0 | T57: =SUM(P57:S57) -> 0 | U57: 0 | V57: 0 | W57: 0 | X57: 0 | Y57: =SUM(U57:X57) -> 0
B58: Revolving credit facility borrowings | C58: 0 | D58: 0 | E58: 0 | F58: 0 | G58: 0 | H58: 0 | I58: 0 | J58: 0 | K58: 0 | L58: 75 | M58: 0 | N58: 0 | O58: 75 | P58: 0 | Q58: 0 | R58: 0 | S58: 0 | T58: =SUM(P58:S58) -> 0 | U58: 0 | V58: 0 | W58: 0 | X58: 0 | Y58: =SUM(U58:X58) -> 0
B59: Debt Issuance (new borrowing) | C59: =SUM(C56:C58) -> 289 | D59: =SUM(D56:D58) -> -1 | E59: =SUM(E56:E58) -> 288 | F59: =SUM(F56:F58) -> 0 | G59: =SUM(G56:G58) -> 0 | H59: =SUM(H56:H58) -> 0 | I59: =SUM(I56:I58) -> 849 | J59: =SUM(J56:J58) -> 849 | ... Y59: =SUM(Y56:Y58) -> 0
B60: Deferred finance costs | C60: -4 | D60: -3 | E60: -81 | F60: 0 | G60: 0 | H60: 0 | I60: -13 | J60: -13 | K60: -9 | L60: 0 | M60: -20 | N60: -60 | O60: -89 | P60: 0 | Q60: 0 | R60: 0 | S60: 0 | T60: =SUM(P60:S60) -> 0 | U60: 0 | V60: 0 | W60: 0 | X60: 0 | Y60: =SUM(U60:X60) -> 0
B61: Revolving credit facility payments | C61: 0 | D61: 0 | E61: 0 | F61: 0 | G61: 0 | H61: 0 | I61: 0 | J61: 0 | K61: 0 | L61: -5 | M61: -70 | N61: 0 | O61: -75 | P61: 0 | Q61: 0 | R61: 0 | S61: 0 | T61: =SUM(P61:S61) -> 0 | U61: 0 | V61: 0 | W61: 0 | X61: 0 | Y61: =SUM(U61:X61) -> 0
B62: Cumulus Digital TLF payments | C62: 0 | D62: -15 | E62: -15 | F62: -182 | G62: 0 | H62: 0 | I62: 0 | J62: -182 | K62: 0 | L62: 0 | M62: 0 | N62: 0 | O62: 0 | P62: 0 | Q62: 0 | R62: 0 | S62: 0 | T62: =SUM(P62:S62) -> 0 | U62: 0 | V62: 0 | W62: 0 | X62: 0 | Y62: =SUM(U62:X62) -> 0
B63: LMBE-MC TLB payments | C63: -293 | D63: 0 | E63: -301 | F63: 0 | G63: 0 | H63: 0 | I63: 0 | J63: 0 | K63: 0 | L63: 0 | M63: 0 | N63: 0 | O63: 0 | P63: 0 | Q63: 0 | R63: 0 | S63: 0 | T63: =SUM(P63:S63) -> 0 | U63: 0 | V63: 0 | W63: 0 | X63: 0 | Y63: =SUM(U63:X63) -> 0
B64: Debt repayments | C64: 0 | D64: 0 | E64: 0 | F64: 0 | G64: 0 | H64: 0 | I64: 0 | J64: 0 | K64: -4 | L64: -5 | M64: -4 | N64: 13 | O64: 0 | P64: 0 | Q64: 0 | R64: 0 | S64: 0 | T64: =SUM(P64:S64) -> 0 | U64: 0 | V64: 0 | W64: 0 | X64: 0 | Y64: =SUM(U64:X64) -> 0
B65: Talen Energy Supply long-term debt repayments | C65: 0 | D65: 0 | E65: 0 | F65: 0 | G65: 0 | H65: 0 | I65: -479 | J65: -479 | K65: 0 | L65: 0 | M65: 0 | N65: -17 | O65: -17 | P65: 0 | Q65: 0 | R65: 0 | S65: 0 | T65: =SUM(P65:S65) -> 0 | U65: 0 | V65: 0 | W65: 0 | X65: 0 | Y65: =SUM(U65:X65) -> 0
B66: Debt Repayment (ongoing) | C66: =SUM(C60:C65) -> -297 | D66: =SUM(D60:D65) -> -18 | E66: =SUM(E60:E65) -> -397 | F66: =SUM(F60:F65) -> -182 | G66: =SUM(G60:G65) -> 0 | H66: =SUM(H60:H65) -> 0 | I66: =SUM(I60:I65) -> -492 | J66: =SUM(J60:J65) -> -674 | ... O66: =SUM(O60:O65) -> -181 | P66: 0 | Q66: 0 | R66: 0 | S66: 0 | T66: 0 | U66: 0 | V66: 0 | W66: 0 | X66: 0 | Y66: 0
B67: Repurchase of warrants | C67: -40 | D67: 0 | E67: -40 | F67: 0 | G67: 0 | H67: 0 | I67: -16 | J67: -16 | K67: 0 | L67: 0 | M67: 0 | N67: 0 | O67: 0 | P67: 0 | Q67: 0 | R67: 0 | S67: 0 | T67: =SUM(P67:S67) -> 0 | U67: 0 | V67: 0 | W67: 0 | X67: 0 | Y67: =SUM(U67:X67) -> 0
B68: Repurchase of noncontrolling interest | C68: -19 | D68: 0 | E68: -19 | F68: -39 | G68: 0 | H68: 0 | I68: -86 | J68: -125 | K68: 0 | L68: 0 | M68: 0 | N68: 0 | O68: 0 | P68: 0 | Q68: 0 | R68: 0 | S68: 0 | T68: =SUM(P68:S68) -> 0 | U68: 0 | V68: 0 | W68: 0 | X68: 0 | Y68: =SUM(U68:X68) -> 0
B69: Share repurchases | C69: 0 | D69: 0 | E69: 0 | F69: -30 | G69: -624 | H69: -302 | I69: -1002 | J69: -1958 | K69: -83 | L69: -20 | M69: 0 | N69: 0 | O69: -103 | P69: 0 | Q69: 0 | R69: 0 | S69: 0 | T69: =SUM(P69:S69) -> 0 | U69: 0 | V69: 0 | W69: 0 | X69: 0 | Y69: =SUM(U69:X69) -> 0
B70: Cash settlement of restricted stock units | C70: 0 | D70: 0 | E70: 0 | F70: 0 | G70: -28 | H70: -3 | I70: -1 | J70: -32 | K70: 0 | L70: 0 | M70: 0 | N70: 0 | O70: 0 | P70: 0 | Q70: 0 | R70: 0 | S70: 0 | T70: =SUM(P70:S70) -> 0 | U70: 0 | V70: 0 | W70: 0 | X70: 0 | Y70: =SUM(U70:X70) -> 0
B71: Repurchases of shares, warrants, RSUs | C71: =SUM(C67:C70) -> -59 | D71: =SUM(D67:D70) -> 0 | E71: =SUM(E67:E70) -> -59 | F71: =SUM(F67:F70) -> -69 | G71: =SUM(G67:G70) -> -652 | H71: =SUM(H67:H70) -> -305 | I71: =SUM(I67:I70) -> -1105 | J71: =SUM(J67:J70) -> -2131 | ... Y71: =SUM(Y67:Y70) -> 0
B72: Derivatives with financing elements | C72: 0 | D72: 0 | E72: -20 | F72: 0 | G72: 0 | H72: 0 | I72: 0 | J72: 0 | K72: 0 | L72: 0 | M72: 0 | N72: 0 | O72: 0 | P72: 0 | Q72: 0 | R72: 0 | S72: 0 | T72: =SUM(P72:S72) -> 0 | U72: 0 | V72: 0 | W72: 0 | X72: 0 | Y72: =SUM(U72:X72) -> 0
B73: Other | C73: 5 | D73: -3 | E73: 3 | F73: -8 | G73: -4 | H73: -20 | I73: 25 | J73: -7 | K73: 0 | L73: 0 | M73: 9 | N73: -4 | O73: 5 | P73: 0 | Q73: 0 | R73: 0 | S73: 0 | T73: =SUM(P73:S73) -> 0 | U73: 0 | V73: 0 | W73: 0 | X73: 0 | Y73: =SUM(U73:X73) -> 0
B74: Other Financing Activities | C74: =SUM(C72:C73) -> 5 | D74: =SUM(D72:D73) -> -3 | E74: =SUM(E72:E73) -> -17 | F74: =SUM(F72:F73) -> -8 | G74: =SUM(G72:G73) -> -4 | H74: =SUM(H72:H73) -> -20 | I74: =SUM(I72:I73) -> 25 | J74: =SUM(J72:J73) -> -7 | ... Y74: =SUM(Y72:Y73) -> 0
B75: Net CFF | C75: -62 | D75: -22 | E75: -623 | F75: -259 | G75: -656 | H75: -325 | I75: -723 | J75: -1963 | K75: -96 | L75: 45 | M75: -85 | N75: 3822 | O75: 3686 | P75: =P55+P59+P66+P71+P74 -> 0 | Q75: =Q55+Q59+Q66+Q71+Q74 -> 0 | R75: =R55+R59+R66+R71+R74 -> 0 | S75: =S55+S59+S66+S71+S74 -> 0 | T75: =T55+T59+T66+T71+T74 -> 0 | U75: =U55+U59+U66+U71+U74 -> 0 | V75: =V55+V59+V66+V71+V74 -> 0 | W75: =W55+W59+W66+W71+W74 -> 0 | ... Y75: =Y55+Y59+Y66+Y71+Y74 -> 0 | AA75: smth we learned in class: conservatism --> I needed it to balance
B77: Net Change in Cash | C77: =C34+C49+C75 -> 49 | D77: =D34+D49+D75 -> 137 | E77: =E34+E49+E75 -> -87 | F77: =F34+F49+F75 -> 179 | G77: =G34+G49+G75 -> 35 | H77: =H34+H49+H75 -> 17 | I77: =I34+I49+I75 -> -767 | J77: =J34+J49+J75 -> -536 | ... Y77: =Y34+Y49+Y75 -> 2166.1598

Sheet DCF
D2: 2025A | E2: 2026E | F2: 2027E
B3: DCF
I4: TLN as of 04/24/2026 | M4: 347.74
B5: Year | D5: 0 | E5: 1 | F5: 2
I6: Assumptions
B7: Revenue | D7: ='Income Statement'!O7 -> 2581 | E7: ='Income Statement'!T7 -> 3362.4435 | F7: ='Income Statement'!Y7 -> 3929.712
B8: % Growth YY | E8: =E7/D7-1 -> 0.30276773 | F8: =F7/E7-1 -> 0.16870721 | I8: LT Growth Rate | M8: 0.02 | R8: % | V8: Coupon % | W8: $ | X8: % Weight
B9: $ Growth YY | E9: =E7-D7 -> 781.44351 | F9: =F7-E7 -> 567.26845 | I9: FY 2027 EBITDA | M9: ='Income Statement'!Y57 -> 1863.4439 | O9: Market Cap | Q9: =M4*M24 -> 16736.035 | R9: =Q9/SUM(Q9:Q10) -> 0.72930144 | T9: Operating Lease | V9: 0.05 | W9: =Q10 -> 6212 | X9: 0.94 | Y9: Current debt has ~6% interest
I10: FY2027 EV/EBITDA | M10: ='Public Comps'!D26 -> 13.98 | O10: Debt | Q10: =M22 -> 6212 | R10: =Q10/SUM(Q9:Q10) -> 0.27069856 | T10: Cost of Debt | V10: =SUMPRODUCT(V9,X9) -> 0.047
B11: Adj. EBIT | D11: ='Income Statement'!O54 -> -90 | E11: ='Income Statement'!T54 -> 971.39572 | F11: ='Income Statement'!Y54 -> 1455.7471 | I11: Tax Rate | M11: =F18 -> 0.21 | O11: WACC | Q11: =(R9*Q16)+(R10*V11) -> 0.10007088 | T11: After-tax kD | V11: =V10*(1-M11) -> 0.03713
B12: % Growth YY | E12: =E11/D11-1 -> -11.793286 | F12: =F11/E11-1 -> 0.49861386 | I12: WACC | M12: =Q11 -> 0.10007088
B13: $ Growth YY | E13: =E11-D11 -> 1061.3957 | F13: =F11-E11 -> 484.35137 | O13: 5Y Beta | Q13: ='DCF Assumptions'!G26 -> 1.4582358 | Y13: Coupon is 6.7% because that is weighted average across all tranches of debt --> company is wokring hard to improve to get to market standard
B14: %Margin | D14: =D11/D7 -> -0.034870205 | E14: =E11/E7 -> 0.28889577 | F14: =F11/F7 -> 0.37044626 | I14: Valuation - Exit Multiple | O14: ERP | Q14: 0.055
B15: bps YY | E15: =(E14-D14)*1000 -> 323.76598 | F15: =(F14-E14)*1000 -> 81.550484 | O15: RFR | Q15: 0.04323
B16: %Inc. Margin | E16: =(E11-D11)/(E7-D7) -> 1.3582501 | F16: =(F11-E11)/(F7-E7) -> 0.85383096 | I16: Sum of Growth Period FCFF | M16: =SUM(D36:F36) -> 1204.0219 | O16: Cost of Equity | Q16: =Q15+(Q13*Q14) -> 0.12343297
I17: Terminal Enterprise Value | M17: =M9*M10 -> 26050.946
B18: Effective Tax Rate | D18: ='Income Statement'!O35/'Income Statement'!O54 -> -0.58888889 | E18: ='Income Statement'!T35/'Income Statement'!T54 -> 0.030883397 | F18: 0.21 | I18: PV of Terminal Value | M18: =M17/F34 -> 21526.933
B20: NOPAT | D20: =D11*(1-D18) -> -143 | E20: =E11*(1-E18) -> 941.39572 | F20: =F11*(1-F18) -> 1150.0402 | I20: Implied Enterprise Value | M20: =M16+M18 -> 22730.955
B21: (-) CapEx | D21: ='Cash Flow Statement'!O38*-1 -> 98 | E21: ='Cash Flow Statement'!T38*-1 -> 119.8973 | F21: ='Cash Flow Statement'!Y38*-1 -> 140.12484 | I21: (+) Cash | M21: ='Balance Sheet'!Y8+'Balance Sheet'!Y9 -> 4046.8522
B22: % Revenue | D22: =D21/D7 -> 0.037969779 | E22: =E21/E7 -> 0.035657789 | F22: =F21/F7 -> 0.035657789 | I22: (-) Debt | M22: ='Balance Sheet'!Y39 -> 6212
I23: Market Cap (Equity Value) | M23: =M20+M21-M22 -> 20565.808
B24: (+) D&A | D24: ='Cash Flow Statement'!O12+'Cash Flow Statement'!O13 -> 221 | E24: =('Cash Flow Statement'!T12)*-1-'Cash Flow Statement'!T13 -> 241.17538 | F24: =('Cash Flow Statement'!Y12*-1)-'Cash Flow Statement'!Y13 -> 274.88194 | I24: FDSO | M24: ='Public Comps'!D32 -> 48.128011
B25: % Revenue | D25: =D24/D7 -> 0.085625726 | E25: =E24/E7 -> 0.071726225 | F25: =F24/F7 -> 0.06994964
B26: % CapEx | D26: =D24/D21 -> 2.255102 | E26: =E24/E21 -> 2.0115163 | F26: =F24/F21 -> 1.9616932 | I26: Implied DCF PT | M26: =M23/M24 -> 427.31472
I27: Current Share Price | M27: =M4 -> 347.74
B28: (-) Change in WC | D28: =SUM('Cash Flow Statement'!O26:O33)*-1 -> 143 | E28: =SUM('Cash Flow Statement'!T26:T33)*-1 -> 545.63316 | F28: =SUM('Cash Flow Statement'!Y26:Y33)*-1 -> 199.26896 | I28: %MoS | M28: =M26/M27-1 -> 0.22883395
B29: % Revenue | D29: =D28/D7 -> 0.055404882 | E29: =E28/E7 -> 0.16227281 | F29: =F28/F7 -> 0.050708287
I30: Valuation - LT Growth Rate | O30: LT growth rate method doesn't work for this type of company because leveraged power companies have lumpy cash flows - ignore because this is really fast growing (since just came out of bankruptcy)
B31: FCFF | D31: =D20-D21+D24-D28 -> -163 | E31: =E20-E21+E24-E28 -> 517.04064 | F31: =F20-F21+F24-F28 -> 1085.5283
B32: % Growth YY | E32: =E31/D31-1 -> -4.1720284 | F32: =F31/E31-1 -> 1.0995029 | I32: Sum of Growth Period FCFF | M32: =SUM(E36:F36) -> 1367.0219
I33: Terminal Enterprise Value | M33: =F31*(1+M8)/(Q11-M8) -> 13828.235
B34: Discount Factor | D34: =(1+M12)^D5 -> 1 | E34: =(1+M12)^E5 -> 1.1000709 | F34: =(1+M12)^F5 -> 1.2101559 | I34: PV of Terminal Value | M34: =M33/F34 -> 11426.82
B36: DFCFF | D36: =D31/D34 -> -163 | E36: =E31/E34 -> 470.00666 | F36: =F31/F34 -> 897.01525 | I36: Implied Enterprise Value | M36: =M32+M34 -> 12793.842
I37: (+) Cash | M37: =M21 -> 4046.8522
I38: (-) Debt | M38: =M22 -> 6212
I39: Market Cap (Equity Value) | M39: =M36+M37-M38 -> 10628.695
I40: FDSO | M40: =M24 -> 48.128011
I42: Implied DCF PT | M42: =M39/M40 -> 220.84217
I43: Current Share Price | M43: =M4 -> 347.74
I44: %MoS | M44: =M42/M43-1 -> -0.36492158

Sheet DCF Assumptions
B2: Talen Energy Corp. (TLN)
B3: DCF Assumptions - Levered Beta
B5: Discounter Comps
B6: Ticker | C6: LTM Debt/Capital | D6: LTM Equity/Capital | E6: D/E | F6: Levered Beta | G6: Unlevered Beta
B7: The AES Corporation (NYSE:AES) | C7: 0.7218 | D7: =1-C7 -> 0.2782 | E7: =C7/D7 -> 2.5945363 | F7: 1.01 | G7: =F7/(1+E7*1-DCF!M11) -> 0.29841606
B8: Entergy Corporation (NYSE:ETR) | C8: 0.6451 | D8: =1-C8 -> 0.3549 | E8: =C8/D8 -> 1.8176951 | F8: 0.56 | G8: =F8/(1+E8*1-DCF!M11) -> 0.21474903
B9: NRG Energy, Inc. (NYSE:NRG) | C9: 0.9082 | D9: =1-C9 -> 0.0918 | E9: =C9/D9 -> 9.8932462 | F9: 1.34 | G9: =F9/(1+E9*1-DCF!M11) -> 0.12543004
B10: Constellation Energy Corporation (NasdaqGS:CEG) | C10: 0.39 | D10: =1-C10 -> 0.61 | E10: =C10/D10 -> 0.63934426 | F10: 1.19 | G10: =F10/(1+E10*1-DCF!M11) -> 0.8325496
B11: Vistra Corp. (NYSE:VST) | C11: 0.7998 | D11: =1-C11 -> 0.2002 | E11: =C11/D11 -> 3.995005 | F11: 1.5 | G11: =F11/(1+E11*1-DCF!M11) -> 0.3134793
B12: Brookfield Renewable Corporation (NYSE:BEPC) | C12: 0.6277 | D12: =1-C12 -> 0.3723 | E12: =C12/D12 -> 1.6860059 | F12: 1.23 | G12: =F12/(1+E12*1-DCF!M11) -> 0.4967678
B13: Average | C13: =AVERAGE(C7:C12) -> 0.6821 | D13: =AVERAGE(D7:D12) -> 0.3179 | E13: =AVERAGE(E7:E12) -> 3.4376388 | F13: =AVERAGE(F7:F12) -> 1.1383333 | G13: =AVERAGE(G7:G12) -> 0.38023197
B15: NASDAQ: TLN | C15: 0.8621 | D15: =1-C15 -> 0.1379 | E15: =C15/D15 -> 6.2516316 | F15: 1.78
B17: Source: CapIQ | F17: Relevered: | G17: =G13*(1+(1-DCF!M11)*'DCF Assumptions'!E15) -> 2.2581174 | I17: this is a very volatile beta to use
I18: they are moving toward being a merchant genrator to cntraact --> I think beta should refelct it --> should trade much closer to the comp set (rn is an anamoly timefor them)
G22: Forward-looking debt/equity | I22: using this metric because they are at peak level of debt, so it wil decline in future
G23: ='Balance Sheet'!Y48/'Balance Sheet'!Y54 -> 1.8227948
G25: Discount factor
G26: =G23*0.8 -> 1.4582358

Sheet Public Comps
B3: TLN Comps | C3: Overview | F3: EV/Rev | H3: EV/EBITDA | J3: P/E | L3: Drivers
B4: Ticker | C4: Market Cap | D4: Net Debt | E4: Total Enterprise Value | F4: LTM | G4: NTM | H4: LTM | I4: NTM | J4: NTM EPS | K4: NTM | L4: 1-yr Revenue Growth | M4: LTM EBITDA Margin | N4: LTM Gross Margin
B5: The AES Corporation (NYSE:AES) | C5: 10332.4 | D5: 29387 | E5: 47585.4 | F5: 3.9 | G5: 3.72 | H5: 13.6 | I5: 15.54 | J5: 2.29 | K5: 6.34 | L5: -0.0037 | M5: 0.284 | N5: 0.184
B6: Entergy Corporation (NYSE:ETR) | C6: 52024.2 | D6: 29398.9 | E6: 81733.7 | F6: 6.3 | G6: 5.89 | H6: 14.5 | I6: 13.01 | J6: 4.4 | K6: 25.81 | L6: 0.0898 | M6: 0.431 | N6: 0.477
B7: NRG Energy, Inc. (NYSE:NRG) | C7: 34232.2 | D7: 11918 | E7: 46800.2 | F7: 1.5 | G7: 1.34 | H7: 14.5 | I7: 8.35 | J7: 9.11 | K7: 17.54 | L7: 0.0918 | M7: 0.097 | N7: 0.194
B8: Constellation Energy Corporation (NasdaqGS:CEG) | C8: 113583 | D8: 5856 | E8: 119775 | F8: 4.7 | G8: 3.75 | H8: 20.7 | I8: 13.46 | J8: 11.64 | K8: 26.94 | L8: 0.0834 | M8: 0.221 | N8: 0.184
B9: Vistra Corp. (NYSE:VST) | C9: 55640.6 | D9: 19622 | E9: 77751.6 | F9: 4.4 | G9: 3.41 | H9: 14.7 | I9: 10.71 | J9: 8.49 | K9: 19.35 | L9: 0.0298 | M9: 0.295 | N9: 0.332
B10: Brookfield Renewable Corporation (NYSE:BEPC) | C10: 13984.4 | D10: 14822 | E10: 38444.4 | F10: 10.3 | G10: 6.42 | H10: 18.2 | I10: 13.39 | J10: -1.33 | K10: NM | L10: -0.1 | M10: 0.569 | N10: 0.599
B11: Min | C11: =MIN(C5:C10) -> 10332.4 | D11: =MIN(D5:D10) -> 5856 | E11: =MIN(E5:E10) -> 38444.4 | F11: =MIN(F5:F10) -> 1.5 | G11: =MIN(G5:G10) -> 1.34 | H11: =MIN(H5:H10) -> 13.6 | I11: =MIN(I5:I10) -> 8.35 | J11: =MIN(J5:J10) -> -1.33 | ... N11: =MIN(N5:N10) -> 0.184
B12: 25th Percentile | C12: =_xlfn.PERCENTILE.EXC(C5:C10, 0.25) -> 13071.4 | D12: =_xlfn.PERCENTILE.EXC(D5:D10, 0.25) -> 10402.5 | E12: =_xlfn.PERCENTILE.EXC(E5:E10, 0.25) -> 44711.25 | F12: =_xlfn.PERCENTILE.EXC(F5:F10, 0.25) -> 3.3 | G12: =_xlfn.PERCENTILE.EXC(G5:G10, 0.25) -> 2.8925 | H12: =_xlfn.PERCENTILE.EXC(H5:H10, 0.25) -> 14.275 | I12: =_xlfn.PERCENTILE.EXC(I5:I10, 0.25) -> 10.12 | J12: =_xlfn.PERCENTILE.EXC(J5:J10, 0.25) -> 1.385 | ... N12: =_xlfn.PERCENTILE.EXC(N5:N10, 0.25) -> 0.184
B13: Mean | C13: =AVERAGE(C5:C10) -> 46632.8 | D13: =AVERAGE(D5:D10) -> 18500.65 | E13: =AVERAGE(E5:E10) -> 68681.717 | F13: =AVERAGE(F5:F10) -> 5.1833333 | G13: =AVERAGE(G5:G10) -> 4.0883333 | H13: =AVERAGE(H5:H10) -> 16.033333 | I13: =AVERAGE(I5:I10) -> 12.41 | J13: =AVERAGE(J5:J10) -> 5.7666667 | ... N13: =AVERAGE(N5:N10) -> 0.32833333
B14: Median | C14: =MEDIAN(C5:C10) -> 43128.2 | D14: =MEDIAN(D5:D10) -> 17222 | E14: =MEDIAN(E5:E10) -> 62668.5 | F14: =MEDIAN(F5:F10) -> 4.55 | G14: =MEDIAN(G5:G10) -> 3.735 | H14: =MEDIAN(H5:H10) -> 14.6 | I14: =MEDIAN(I5:I10) -> 13.2 | J14: =MEDIAN(J5:J10) -> 6.445 | ... N14: =MEDIAN(N5:N10) -> 0.263
B15: 75th Percentile | C15: =_xlfn.PERCENTILE.EXC(C5:C10, 0.75) -> 70126.2 | D15: =_xlfn.PERCENTILE.EXC(D5:D10, 0.75) -> 29389.975 | E15: =_xlfn.PERCENTILE.EXC(E5:E10, 0.75) -> 91244.025 | F15: =_xlfn.PERCENTILE.EXC(F5:F10, 0.75) -> 7.3 | G15: =_xlfn.PERCENTILE.EXC(G5:G10, 0.75) -> 6.0225 | H15: =_xlfn.PERCENTILE.EXC(H5:H10, 0.75) -> 18.825 | I15: =_xlfn.PERCENTILE.EXC(I5:I10, 0.75) -> 13.98 | J15: =_xlfn.PERCENTILE.EXC(J5:J10, 0.75) -> 9.7425 | ... N15: =_xlfn.PERCENTILE.EXC(N5:N10, 0.75) -> 0.5075
B16: Max | C16: =MAX(C5:C10) -> 113583 | D16: =MAX(D5:D10) -> 29398.9 | E16: =MAX(E5:E10) -> 119775 | F16: =MAX(F5:F10) -> 10.3 | G16: =MAX(G5:G10) -> 6.42 | H16: =MAX(H5:H10) -> 20.7 | I16: =MAX(I5:I10) -> 15.54 | J16: =MAX(J5:J10) -> 11.64 | ... N16: =MAX(N5:N10) -> 0.599
B18: NYSE: TLN | C18: 16538.3 | D18: 6144 | E18: 22682.3 | F18: 8.6 | G18: 5.38 | H18: 70.7 | I18: 11.48 | J18: 20.41 | K18: 17.85 | L18: 0.2668 | M18: 0.122 | N18: 0.381
B21: EV Based Multiple
D22: =YEARFRAC(C23,D23) -> 1.375
B23: Calendar Date | C23: =TODAY() -> 46219 | D23: 46722
B25: EBITDA | C25: ='Income Statement'!T57 -> 1320.6989 | D25: ='Income Statement'!Y57 -> 1863.4439
B26: NTM EV/EBITDA | C26: =I15 -> 13.98 | D26: =I15 -> 13.98
B28: Implied EV | D28: =D25*D26 -> 26050.946
B29: (+) Net Debt | D29: =D18 -> 6144
B30: TLN Equity Value | D30: =D28-D29 -> 19906.946
B32: (/) FDSO | C32: ='Income Statement'!T49 -> 48.184455 | D32: ='Income Statement'!Y49 -> 48.128011
B34: TLN PT | C34: 347.74 | D34: =D30/D32 -> 413.62495
B35: Upside/Downside, % | D35: =D34/C34-1 -> 0.18946613
B36: IRR, % | D36: =(D34/C34)^(1/D22)-1 -> 0.1344922

Sheet Graphs for the Deck
B2: Revenue Distribution Pie
B3: Energy Revenue | C3: 0.75
B4: Capacity Revenue | C4: 0.19
B5: Physical Bilateral Contracts | C5: 0.04
B6: Other | C6: 0.02
L7: Debt to Equity | X7: THESIS 1
L8: Period | M8: Debt to Equity (x)
L9: Q3 2024 | M9: 1.18
L10: Q4 2024 | M10: 2.15
L11: Q1 2025 | M11: 2.54
L12: Q2 2025 | M12: 2.55
L13: Q3 2025 | M13: 2.06
L14: Q4 2025 | M14: 5.53
L17: Interest Coverage
L18: Period | M18: Interest Coverage (x)
B19: Date | C19: Close | L19: Q3 2024 | M19: 2.39
B20: Apr 21, 2026 | C20: 336.12 | L20: Q4 2024 | M20: 0.95
B21: Apr 20, 2026 | C21: 346.26 | L21: Q1 2025 | M21: -1.43 | X21: Year | Y21: PJM Clearing Price ($/MW-day) | Z21: Talen Capacity Revenue ($M)
B22: Apr 17, 2026 | C22: 365.35 | L22: Q2 2025 | M22: 1.06 | X22: FY2023A | Y22: 34 | Z22: 241
B23: Apr 16, 2026 | C23: 362.4 | L23: Q3 2025 | M23: 3.93 | X23: FY2024A | Y23: 29 | Z23: 192
B24: Apr 15, 2026 | C24: 353.3 | L24: Q4 2025 | M24: 1.66 | X24: FY2025A | Y24: 270 | Z24: 485
B25: Apr 14, 2026 | C25: 345.76 | E25: Year | F25: Historical (TWh) | G25: Projected (TWh) | X25: FY2026E | Y25: 329 | Z25: 534
B26: Apr 13, 2026 | C26: 326.08 | E26: 2020 | F26: 3802 | X26: FY2027E | Y26: 333 | Z26: 587
B27: Apr 10, 2026 | C27: 321.33 | E27: 2021 | F27: 3930 | L27: Net Debt/EBITDA
B28: Apr 9, 2026 | C28: 312.76 | E28: 2022 | F28: 4023 | L28: Period | M28: Net Debt ($M) | N28: Quarterly EBITDA ($M) | O28: Net Debt/EBITDA (quarterly — distorted) | P28: Net Debt/EBITDA (mgmt LTM — USE THIS)
B29: Apr 8, 2026 | C29: 328.65 | E29: 2023 | F29: 4178 | L29: Q3 2024 | M29: 1977 | N29: 285 | O29: 6.94 | P29: —
B30: Apr 7, 2026 | C30: 330.07 | E30: 2024 | F30: 4300 | L30: Q4 2024 | M30: 1938 | N30: 150 | O30: 12.92 | P30: 2.60 (confirmed earnings call)
B31: Apr 6, 2026 | C31: 324.09 | E31: 2025 | F31: 4430 | L31: Q1 2025 | M31: 2722 | N31: 200 | O31: 13.61 | P31: 2.60 (confirmed earnings call May 2025)
B32: Apr 2, 2026 | C32: 327.58 | E32: 2026 | G32: 4650 | L32: Q2 2025 | M32: 2898 | N32: 90 | O32: 32.2 | P32: 2.70 (confirmed earnings call Aug 2025)
B33: Apr 1, 2026 | C33: 328.08 | E33: 2027 | G33: 4880 | L33: Q3 2025 | M33: 2535 | N33: 363 | O33: 6.98 | P33: —
B34: Mar 31, 2026 | C34: 319.23 | E34: 2028 | G34: 5100 | L34: Q4 2025 | M34: 5745 | N34: 382 | O34: 15.04 | P34: 3.00 (confirmed earnings release Feb 2026)
B35: Mar 30, 2026 | C35: 313.03 | E35: 2029 | G35: 5300
B36: Mar 27, 2026 | C36: 324.54 | E36: 2030 | G36: 5500
B37: Mar 26, 2026 | C37: 323.13 | L37: Period
B38: Mar 25, 2026 | C38: 328.29 | L38: Q4 2024 | M38: 2.6
B39: Mar 24, 2026 | C39: 315.77 | L39: Q1 2025 | M39: 2.6
B40: Mar 23, 2026 | C40: 311.02 | L40: Q2 2025 | M40: 2.7
B41: Mar 20, 2026 | C41: 302.97 | L41: Q4 2025 | M41: 3
B42: Mar 19, 2026 | C42: 340.07
B43: Mar 18, 2026 | C43: 338.6
B44: Mar 17, 2026 | C44: 327.14
B45: Mar 16, 2026 | C45: 317.6
B46: Mar 13, 2026 | C46: 316.14
B47: Mar 12, 2026 | C47: 311.45
B48: Mar 11, 2026 | C48: 316.22
B49: Mar 10, 2026 | C49: 331.58
B50: Mar 9, 2026 | C50: 335.11
B51: Mar 6, 2026 | C51: 320.56
B52: Mar 5, 2026 | C52: 334.86
B53: Mar 4, 2026 | C53: 336.57
B54: Mar 3, 2026 | C54: 341.39 | K54: Buy | L54: 0.25
B55: Mar 2, 2026 | C55: 353.24 | K55: Contract | L55: 0.25
B56: Feb 27, 2026 | C56: 370.97 | K56: Re-Rate | L56: 0.25
B57: Feb 26, 2026 | C57: 390.05 | E57: Year | F57: % Hedged | G57: % Unhedged | K57: Repeat | L57: 0.25
B58: Feb 25, 2026 | C58: 391.43 | E58: 2026 | F58: 0.9 | G58: 0.1
B59: Feb 24, 2026 | C59: 375.24 | E59: 2027 | F59: 0.4 | G59: 0.6
B60: Feb 23, 2026 | C60: 367.84
B61: Feb 20, 2026 | C61: 382.25
B62: Feb 19, 2026 | C62: 380.06 | F62: 2026 | G62: 2027
B63: Feb 18, 2026 | C63: 380.29 | E63: Hedged | F63: 0.9 | G63: 0.4
B64: Feb 17, 2026 | C64: 388.28 | E64: Unhedged | F64: 0.1 | G64: 0.6
B65: Feb 13, 2026 | C65: 376.7
B66: Feb 12, 2026 | C66: 367.81
B67: Feb 11, 2026 | C67: 354.62
B68: Feb 10, 2026 | C68: 357.93
B69: Feb 9, 2026 | C69: 353.66
B70: Feb 6, 2026 | C70: 345
B71: Feb 5, 2026 | C71: 324.63
B72: Feb 4, 2026 | C72: 317.05
B73: Feb 3, 2026 | C73: 341.42
B74: Feb 2, 2026 | C74: 340.8
B75: Jan 30, 2026 | C75: 348.36
B76: Jan 29, 2026 | C76: 362.2
... B271: Apr 21, 2025 | C271: 191.37
